Workbook
Name Condition_of_Equipment: Options!$A$1:$A$6
Name Replacement_needed: Options!$B$2:$B$5

Sheet Instructions
B1: xxxxxxxxxxxxx
B2: BREWERY | D2: GBNC
B4: YEAR OF UPDATE | D4: 2018
B7: INSTRUCTIONS
A8: 1 | B8: Name your brewery and define the year of this report.
A9: =A8+1 -> 2 | B9: Update the Equipment List for each process at the brewery, add lines as required. | D9: Go to Equipment List
A10: =A9+1 -> 3 | B10: Define the conditions of each equipment by selecting for the drop down menu | D10: Condition of Equipment
D11: Bad/Obsolete/Not safe
D12: Functional but inefficient
D13: Acceptable conditions
D14: Good
D15: Very Good
A17: =A10+1 -> 4 | B17: Select your recomendation for the replacement of each equipment. | D17: Replacement needed
D18: Urgent (1 Year)
D19: As soon as possible (2 years)
D20: Short term (< 3 years)
D21: Mid Term. (3 to 5 years)
D22: Long Term > 5 years
A23: 5 | B23: Include your comments for the equipments that you consider necessary to describe its condition.
A24: 6 | B24: If have available any quotation for the machinery include the price of replacement of the machine, the budget will be calculated for budget purposes according the following table. | D24: Plant & Machinery | F24: 100
D25: Transport | E25: 0.15 | F25: =+E25*$F$24 -> 15
D26: Import duties | E26: 0.164 | F26: =+E26*$F$24 -> 16.4
D27: Installation | E27: 0.15 | F27: =+E27*$F$24 -> 15
D28: Engineering | E28: 0.1 | F28: =+E28*$F$24 -> 10
D29: Handling Fees | E29: 0.030285 | F29: =+E29*F24 -> 3.0285
D30: Sub total | F30: =SUM(F24:F29) -> 159.4285
D31: Contingencies | E31: 0.1 | F31: =+E31*F30 -> 15.94285
D32: Total | F32: =SUM(F30:F31) -> 175.37135 | G32: =ROUND(F32/F24,2) -> 1.75

Sheet Options
A1: Condition of Equipment | B1: Replacement needed | C1: Units
A2: Bad/Obsolete/Not safe | B2: Urgent (1 Year) | C2: mt2
A3: Functional but inefficient | B3: As soon as possible (2 years) | C3: Mt3
A4: Acceptable conditions | B4: Short term (< 3 years) | C4: HL
A5: Good | B5: Mid Term. (3 to 5 years) | C5: Hl/hr
A6: Very Good | B6: Long Term > 5 years | C6: KW
C7: KVA
C8: Ton
B62: Other input 1750hl gross

Sheet Liste des équipements
C1: GLOBAL MACHINE DATABASE LINK
A2: Equipment Information | X2: Equipment condition
X3: Quick Scan Condition/Criticality Dropdown list | Z3: Maintenance | AC3: Likelihood | AD3: Effect | AG3: Comments | AI3: Support
A4: Description of the first location | B4: First level location | C4: N° location | D4: Description location | E4: N° equipment | F4: Description equipment | G4: Serial no. | H4: # units | I4: Capacity/unit | J4: supplier | K4: Brand | L4: Year of built | M4: E | N4: S | O4: Q | P4: W | Q4: D | R4: F | S4: M | T4: ABC Class | U4: A/PM status | V4: HACS Status | W4: Préventif | X4: Condition of Equipment | Y4: Replacement needed | Z4: Running hours Actual Rotating equipment | AA4: Hours Last Maintenance | AB4: Last Maintenance | AC4: Likelihood Breakdown | AD4: Effect: Downtime class | AE4: Effect Safety | AF4: Effect Production | AG4: Backup plan Present | AH4: General Notes Problem discription | AI4: Audit needed
A5: Production de Boissons | B5: =LEFT(C5,6) -> NC01-1 | C5: NC01-1-0001 | D5: Stockage Et Versement Malt | M5: c | N5: c | O5: c | P5: b | Q5: b | R5: b | S5: c | T5: =IF(OR(M5="A",N5="A",O5="A",AND(P5<>"C",Q5="A",R5="A",S5="A")),"A",IF(OR(AND(P5<>"C",OR(AND(Q5<>"A",R5<>"C",S5<>"C"),AND(Q5="A",R5<>"A",S5<>"C"),AND(Q5="A",R5="A",S5<>"A"))),AND(P5="C",Q5<>"C",R5<>"C",S5<>"C")),"B","C")) -> C
A6: Production de Boissons | B6: =LEFT(C6,6) -> NC01-1 | C6: NC01-1-0001-0001 | D6: Palan Electrique 5T | M6: c | N6: c | O6: c | P6: b | Q6: b | R6: b | S6: c | T6: =IF(OR(M6="A",N6="A",O6="A",AND(P6<>"C",Q6="A",R6="A",S6="A")),"A",IF(OR(AND(P6<>"C",OR(AND(Q6<>"A",R6<>"C",S6<>"C"),AND(Q6="A",R6<>"A",S6<>"C"),AND(Q6="A",R6="A",S6<>"A"))),AND(P6="C",Q6<>"C",R6<>"C",S6<>"C")),"B","C")) -> C
A7: Production de Boissons | B7: =LEFT(C7,6) -> NC01-1 | C7: NC01-1-0001-0002 | D7: Tremie Reception | M7: c | N7: c | O7: c | P7: b | Q7: b | R7: b | S7: c | T7: =IF(OR(M7="A",N7="A",O7="A",AND(P7<>"C",Q7="A",R7="A",S7="A")),"A",IF(OR(AND(P7<>"C",OR(AND(Q7<>"A",R7<>"C",S7<>"C"),AND(Q7="A",R7<>"A",S7<>"C"),AND(Q7="A",R7="A",S7<>"A"))),AND(P7="C",Q7<>"C",R7<>"C",S7<>"C")),"B","C")) -> C
A8: Production de Boissons | B8: =LEFT(C8,6) -> NC01-1 | C8: NC01-1-0001-0003 | D8: Aspirateur Poussiere | M8: c | N8: c | O8: c | P8: b | Q8: b | R8: b | S8: c | T8: =IF(OR(M8="A",N8="A",O8="A",AND(P8<>"C",Q8="A",R8="A",S8="A")),"A",IF(OR(AND(P8<>"C",OR(AND(Q8<>"A",R8<>"C",S8<>"C"),AND(Q8="A",R8<>"A",S8<>"C"),AND(Q8="A",R8="A",S8<>"A"))),AND(P8="C",Q8<>"C",R8<>"C",S8<>"C")),"B","C")) -> C
A9: Production de Boissons | B9: =LEFT(C9,6) -> NC01-1 | C9: NC01-1-0001-0004 | D9: Elevateur Godet 1 | M9: c | N9: c | O9: c | P9: b | Q9: b | R9: b | S9: c | T9: =IF(OR(M9="A",N9="A",O9="A",AND(P9<>"C",Q9="A",R9="A",S9="A")),"A",IF(OR(AND(P9<>"C",OR(AND(Q9<>"A",R9<>"C",S9<>"C"),AND(Q9="A",R9<>"A",S9<>"C"),AND(Q9="A",R9="A",S9<>"A"))),AND(P9="C",Q9<>"C",R9<>"C",S9<>"C")),"B","C")) -> C
A10: Production de Boissons | B10: =LEFT(C10,6) -> NC01-1 | C10: NC01-1-0001-0005 | D10: Filtre Manchette 1 | M10: c | N10: c | O10: c | P10: b | Q10: b | R10: b | S10: c | T10: =IF(OR(M10="A",N10="A",O10="A",AND(P10<>"C",Q10="A",R10="A",S10="A")),"A",IF(OR(AND(P10<>"C",OR(AND(Q10<>"A",R10<>"C",S10<>"C"),AND(Q10="A",R10<>"A",S10<>"C"),AND(Q10="A",R10="A",S10<>"A"))),AND(P10="C",Q10<>"C",R10<>"C",S10<>"C")),"B","C")) -> C
A11: Production de Boissons | B11: =LEFT(C11,6) -> NC01-1 | C11: NC01-1-0001-0006 | D11: Elevateur Godet 2 | M11: c | N11: c | O11: c | P11: b | Q11: b | R11: b | S11: c | T11: =IF(OR(M11="A",N11="A",O11="A",AND(P11<>"C",Q11="A",R11="A",S11="A")),"A",IF(OR(AND(P11<>"C",OR(AND(Q11<>"A",R11<>"C",S11<>"C"),AND(Q11="A",R11<>"A",S11<>"C"),AND(Q11="A",R11="A",S11<>"A"))),AND(P11="C",Q11<>"C",R11<>"C",S11<>"C")),"B","C")) -> C
A12: Production de Boissons | B12: =LEFT(C12,6) -> NC01-1 | C12: NC01-1-0001-0007 | D12: Filtre Manchette 2 | M12: c | N12: c | O12: c | P12: b | Q12: b | R12: b | S12: c | T12: =IF(OR(M12="A",N12="A",O12="A",AND(P12<>"C",Q12="A",R12="A",S12="A")),"A",IF(OR(AND(P12<>"C",OR(AND(Q12<>"A",R12<>"C",S12<>"C"),AND(Q12="A",R12<>"A",S12<>"C"),AND(Q12="A",R12="A",S12<>"A"))),AND(P12="C",Q12<>"C",R12<>"C",S12<>"C")),"B","C")) -> C
A13: Production de Boissons | B13: =LEFT(C13,6) -> NC01-1 | C13: NC01-1-0001-0008 | D13: Silo Malt | M13: c | N13: c | O13: c | P13: b | Q13: b | R13: b | S13: c | T13: =IF(OR(M13="A",N13="A",O13="A",AND(P13<>"C",Q13="A",R13="A",S13="A")),"A",IF(OR(AND(P13<>"C",OR(AND(Q13<>"A",R13<>"C",S13<>"C"),AND(Q13="A",R13<>"A",S13<>"C"),AND(Q13="A",R13="A",S13<>"A"))),AND(P13="C",Q13<>"C",R13<>"C",S13<>"C")),"B","C")) -> C
A14: Production de Boissons | B14: =LEFT(C14,6) -> NC01-1 | C14: NC01-1-0001-0009 | D14: Separateur | M14: c | N14: c | O14: c | P14: b | Q14: b | R14: b | S14: c | T14: =IF(OR(M14="A",N14="A",O14="A",AND(P14<>"C",Q14="A",R14="A",S14="A")),"A",IF(OR(AND(P14<>"C",OR(AND(Q14<>"A",R14<>"C",S14<>"C"),AND(Q14="A",R14<>"A",S14<>"C"),AND(Q14="A",R14="A",S14<>"A"))),AND(P14="C",Q14<>"C",R14<>"C",S14<>"C")),"B","C")) -> C
A15: Production de Boissons | B15: =LEFT(C15,6) -> NC01-1 | C15: NC01-1-0001-0010 | D15: Epierreur | M15: c | N15: c | O15: c | P15: b | Q15: b | R15: b | S15: c | T15: =IF(OR(M15="A",N15="A",O15="A",AND(P15<>"C",Q15="A",R15="A",S15="A")),"A",IF(OR(AND(P15<>"C",OR(AND(Q15<>"A",R15<>"C",S15<>"C"),AND(Q15="A",R15<>"A",S15<>"C"),AND(Q15="A",R15="A",S15<>"A"))),AND(P15="C",Q15<>"C",R15<>"C",S15<>"C")),"B","C")) -> C
A16: Production de Boissons | B16: =LEFT(C16,6) -> NC01-1 | C16: NC01-1-0001-0011 | D16: Surpresseur Aerzen | M16: c | N16: c | O16: c | P16: b | Q16: b | R16: b | S16: c | T16: =IF(OR(M16="A",N16="A",O16="A",AND(P16<>"C",Q16="A",R16="A",S16="A")),"A",IF(OR(AND(P16<>"C",OR(AND(Q16<>"A",R16<>"C",S16<>"C"),AND(Q16="A",R16<>"A",S16<>"C"),AND(Q16="A",R16="A",S16<>"A"))),AND(P16="C",Q16<>"C",R16<>"C",S16<>"C")),"B","C")) -> C
... A48: Production de Boissons | B48: =LEFT(C48,6) -> NC01-1 | C48: NC01-1-0010-0022 | D48: Raccords Vers CIP | M48: b | N48: a | O48: c | P48: a | Q48: b | R48: c | S48: c | T48: =IF(OR(M48="A",N48="A",O48="A",AND(P48<>"C",Q48="A",R48="A",S48="A")),"A",IF(OR(AND(P48<>"C",OR(AND(Q48<>"A",R48<>"C",S48<>"C"),AND(Q48="A",R48<>"A",S48<>"C"),AND(Q48="A",R48="A",S48<>"A"))),AND(P48="C",Q48<>"C",R48<>"C",S48<>"C")),"B","C")) -> A
A49: Production de Boissons | B49: =LEFT(C49,6) -> NC01-1 | C49: NC01-1-0010-0023 | D49: Cuve CIP Traitement Mout | M49: b | N49: a | O49: c | P49: b | Q49: b | R49: c | T49: =IF(OR(M49="A",N49="A",O49="A",AND(P49<>"C",Q49="A",R49="A",S49="A")),"A",IF(OR(AND(P49<>"C",OR(AND(Q49<>"A",R49<>"C",S49<>"C"),AND(Q49="A",R49<>"A",S49<>"C"),AND(Q49="A",R49="A",S49<>"A"))),AND(P49="C",Q49<>"C",R49<>"C",S49<>"C")),"B","C")) -> A
A50: Production de Boissons | B50: =LEFT(C50,6) -> NC01-1 | C50: NC01-1-0020-0001 | D50: Cuve Fermentation 111 | M50: b | N50: b | O50: c | P50: b | Q50: b | R50: c | T50: =IF(OR(M50="A",N50="A",O50="A",AND(P50<>"C",Q50="A",R50="A",S50="A")),"A",IF(OR(AND(P50<>"C",OR(AND(Q50<>"A",R50<>"C",S50<>"C"),AND(Q50="A",R50<>"A",S50<>"C"),AND(Q50="A",R50="A",S50<>"A"))),AND(P50="C",Q50<>"C",R50<>"C",S50<>"C")),"B","C")) -> C
A51: Production de Boissons | B51: =LEFT(C51,6) -> NC01-1 | C51: NC01-1-0020-0002 | D51: Cuve Fermentation 112 | M51: b | N51: b | O51: c | P51: b | Q51: b | R51: c | T51: =IF(OR(M51="A",N51="A",O51="A",AND(P51<>"C",Q51="A",R51="A",S51="A")),"A",IF(OR(AND(P51<>"C",OR(AND(Q51<>"A",R51<>"C",S51<>"C"),AND(Q51="A",R51<>"A",S51<>"C"),AND(Q51="A",R51="A",S51<>"A"))),AND(P51="C",Q51<>"C",R51<>"C",S51<>"C")),"B","C")) -> C
A52: Production de Boissons | B52: =LEFT(C52,6) -> NC01-1 | C52: NC01-1-0020-0003 | D52: Cuve Fermentation 113 | M52: b | N52: b | O52: c | P52: b | Q52: b | R52: c | T52: =IF(OR(M52="A",N52="A",O52="A",AND(P52<>"C",Q52="A",R52="A",S52="A")),"A",IF(OR(AND(P52<>"C",OR(AND(Q52<>"A",R52<>"C",S52<>"C"),AND(Q52="A",R52<>"A",S52<>"C"),AND(Q52="A",R52="A",S52<>"A"))),AND(P52="C",Q52<>"C",R52<>"C",S52<>"C")),"B","C")) -> C
A53: Production de Boissons | B53: =LEFT(C53,6) -> NC01-1 | C53: NC01-1-0020-0004 | D53: Cuve Fermentation 121 | M53: b | N53: b | O53: c | P53: b | Q53: b | R53: c | T53: =IF(OR(M53="A",N53="A",O53="A",AND(P53<>"C",Q53="A",R53="A",S53="A")),"A",IF(OR(AND(P53<>"C",OR(AND(Q53<>"A",R53<>"C",S53<>"C"),AND(Q53="A",R53<>"A",S53<>"C"),AND(Q53="A",R53="A",S53<>"A"))),AND(P53="C",Q53<>"C",R53<>"C",S53<>"C")),"B","C")) -> C
A54: Production de Boissons | B54: =LEFT(C54,6) -> NC01-1 | C54: NC01-1-0020-0005 | D54: Cuve Fermentation 122 | M54: b | N54: b | O54: c | P54: b | Q54: b | R54: c | T54: =IF(OR(M54="A",N54="A",O54="A",AND(P54<>"C",Q54="A",R54="A",S54="A")),"A",IF(OR(AND(P54<>"C",OR(AND(Q54<>"A",R54<>"C",S54<>"C"),AND(Q54="A",R54<>"A",S54<>"C"),AND(Q54="A",R54="A",S54<>"A"))),AND(P54="C",Q54<>"C",R54<>"C",S54<>"C")),"B","C")) -> C
A55: Production de Boissons | B55: =LEFT(C55,6) -> NC01-1 | C55: NC01-1-0020-0006 | D55: Cuve Fermentation 123 | M55: b | N55: b | O55: c | P55: b | Q55: b | R55: c | T55: =IF(OR(M55="A",N55="A",O55="A",AND(P55<>"C",Q55="A",R55="A",S55="A")),"A",IF(OR(AND(P55<>"C",OR(AND(Q55<>"A",R55<>"C",S55<>"C"),AND(Q55="A",R55<>"A",S55<>"C"),AND(Q55="A",R55="A",S55<>"A"))),AND(P55="C",Q55<>"C",R55<>"C",S55<>"C")),"B","C")) -> C
A56: Production de Boissons | B56: =LEFT(C56,6) -> NC01-1 | C56: NC01-1-0020-0007 | D56: Cuve Fermentation 131 | M56: b | N56: b | O56: c | P56: b | Q56: b | R56: c | T56: =IF(OR(M56="A",N56="A",O56="A",AND(P56<>"C",Q56="A",R56="A",S56="A")),"A",IF(OR(AND(P56<>"C",OR(AND(Q56<>"A",R56<>"C",S56<>"C"),AND(Q56="A",R56<>"A",S56<>"C"),AND(Q56="A",R56="A",S56<>"A"))),AND(P56="C",Q56<>"C",R56<>"C",S56<>"C")),"B","C")) -> C
A57: Production de Boissons | B57: =LEFT(C57,6) -> NC01-1 | C57: NC01-1-0020-0008 | D57: Cuve Fermentation 132 | M57: b | N57: b | O57: c | P57: b | Q57: b | R57: c | T57: =IF(OR(M57="A",N57="A",O57="A",AND(P57<>"C",Q57="A",R57="A",S57="A")),"A",IF(OR(AND(P57<>"C",OR(AND(Q57<>"A",R57<>"C",S57<>"C"),AND(Q57="A",R57<>"A",S57<>"C"),AND(Q57="A",R57="A",S57<>"A"))),AND(P57="C",Q57<>"C",R57<>"C",S57<>"C")),"B","C")) -> C
A58: Production de Boissons | B58: =LEFT(C58,6) -> NC01-1 | C58: NC01-1-0020-0009 | D58: Cuve Fermentation 133 | M58: b | N58: b | O58: c | P58: b | Q58: b | R58: c | T58: =IF(OR(M58="A",N58="A",O58="A",AND(P58<>"C",Q58="A",R58="A",S58="A")),"A",IF(OR(AND(P58<>"C",OR(AND(Q58<>"A",R58<>"C",S58<>"C"),AND(Q58="A",R58<>"A",S58<>"C"),AND(Q58="A",R58="A",S58<>"A"))),AND(P58="C",Q58<>"C",R58<>"C",S58<>"C")),"B","C")) -> C
A59: Production de Boissons | B59: =LEFT(C59,6) -> NC01-1 | C59: NC01-1-0020-0010 | D59: Cuve Fermentation 141 | M59: b | N59: b | O59: c | P59: b | Q59: b | R59: c | T59: =IF(OR(M59="A",N59="A",O59="A",AND(P59<>"C",Q59="A",R59="A",S59="A")),"A",IF(OR(AND(P59<>"C",OR(AND(Q59<>"A",R59<>"C",S59<>"C"),AND(Q59="A",R59<>"A",S59<>"C"),AND(Q59="A",R59="A",S59<>"A"))),AND(P59="C",Q59<>"C",R59<>"C",S59<>"C")),"B","C")) -> C
A60: Production de Boissons | B60: =LEFT(C60,6) -> NC01-1 | C60: NC01-1-0020-0011 | D60: Cuve Fermentation 142 | M60: b | N60: b | O60: c | P60: b | Q60: b | R60: c | T60: =IF(OR(M60="A",N60="A",O60="A",AND(P60<>"C",Q60="A",R60="A",S60="A")),"A",IF(OR(AND(P60<>"C",OR(AND(Q60<>"A",R60<>"C",S60<>"C"),AND(Q60="A",R60<>"A",S60<>"C"),AND(Q60="A",R60="A",S60<>"A"))),AND(P60="C",Q60<>"C",R60<>"C",S60<>"C")),"B","C")) -> C
... A73: Production de Boissons | B73: =LEFT(C73,6) -> NC01-1 | C73: NC01-1-0030-0001 | D73: Filtres Steriles GAF | M73: b | N73: b | O73: a | P73: b | Q73: b | R73: c | T73: =IF(OR(M73="A",N73="A",O73="A",AND(P73<>"C",Q73="A",R73="A",S73="A")),"A",IF(OR(AND(P73<>"C",OR(AND(Q73<>"A",R73<>"C",S73<>"C"),AND(Q73="A",R73<>"A",S73<>"C"),AND(Q73="A",R73="A",S73<>"A"))),AND(P73="C",Q73<>"C",R73<>"C",S73<>"C")),"B","C")) -> A
A74: Production de Boissons | B74: =LEFT(C74,6) -> NC01-1 | C74: NC01-1-0030-0002 | D74: CO2 Balancing System | M74: b | N74: b | O74: c | P74: b | Q74: b | R74: c | S74: b | T74: =IF(OR(M74="A",N74="A",O74="A",AND(P74<>"C",Q74="A",R74="A",S74="A")),"A",IF(OR(AND(P74<>"C",OR(AND(Q74<>"A",R74<>"C",S74<>"C"),AND(Q74="A",R74<>"A",S74<>"C"),AND(Q74="A",R74="A",S74<>"A"))),AND(P74="C",Q74<>"C",R74<>"C",S74<>"C")),"B","C")) -> C
A75: Production de Boissons | B75: =LEFT(C75,6) -> NC01-1 | C75: NC01-1-0030-0003 | D75: Station Dosage PVPP | M75: b | N75: b | O75: c | P75: b | Q75: b | R75: c | S75: a | T75: =IF(OR(M75="A",N75="A",O75="A",AND(P75<>"C",Q75="A",R75="A",S75="A")),"A",IF(OR(AND(P75<>"C",OR(AND(Q75<>"A",R75<>"C",S75<>"C"),AND(Q75="A",R75<>"A",S75<>"C"),AND(Q75="A",R75="A",S75<>"A"))),AND(P75="C",Q75<>"C",R75<>"C",S75<>"C")),"B","C")) -> C
A76: Production de Boissons | B76: =LEFT(C76,6) -> NC01-1 | C76: NC01-1-0030-0004 | D76: Filtre Schenk | M76: b | N76: b | O76: c | P76: b | Q76: b | R76: c | T76: =IF(OR(M76="A",N76="A",O76="A",AND(P76<>"C",Q76="A",R76="A",S76="A")),"A",IF(OR(AND(P76<>"C",OR(AND(Q76<>"A",R76<>"C",S76<>"C"),AND(Q76="A",R76<>"A",S76<>"C"),AND(Q76="A",R76="A",S76<>"A"))),AND(P76="C",Q76<>"C",R76<>"C",S76<>"C")),"B","C")) -> C
A77: Production de Boissons | B77: =LEFT(C77,6) -> NC01-1 | C77: NC01-1-0030-0005 | D77: Station D'Eau Désaérée Aldox | M77: b | N77: b | O77: a | P77: b | Q77: b | R77: c | S77: a | T77: =IF(OR(M77="A",N77="A",O77="A",AND(P77<>"C",Q77="A",R77="A",S77="A")),"A",IF(OR(AND(P77<>"C",OR(AND(Q77<>"A",R77<>"C",S77<>"C"),AND(Q77="A",R77<>"A",S77<>"C"),AND(Q77="A",R77="A",S77<>"A"))),AND(P77="C",Q77<>"C",R77<>"C",S77<>"C")),"B","C")) -> A
A78: Production de Boissons | B78: =LEFT(C78,6) -> NC01-1 | C78: NC01-1-0030-0006 | D78: Système Carbonatation Carboblender | M78: b | N78: b | O78: a | P78: b | Q78: b | R78: c | S78: a | T78: =IF(OR(M78="A",N78="A",O78="A",AND(P78<>"C",Q78="A",R78="A",S78="A")),"A",IF(OR(AND(P78<>"C",OR(AND(Q78<>"A",R78<>"C",S78<>"C"),AND(Q78="A",R78<>"A",S78<>"C"),AND(Q78="A",R78="A",S78<>"A"))),AND(P78="C",Q78<>"C",R78<>"C",S78<>"C")),"B","C")) -> A
A79: Production de Boissons | B79: =LEFT(C79,6) -> NC01-1 | C79: NC01-1-0030-0007 | D79: Station Dosage D'Arôme Corosys | M79: c | N79: c | O79: c | P79: b | Q79: b | R79: c | T79: =IF(OR(M79="A",N79="A",O79="A",AND(P79<>"C",Q79="A",R79="A",S79="A")),"A",IF(OR(AND(P79<>"C",OR(AND(Q79<>"A",R79<>"C",S79<>"C"),AND(Q79="A",R79<>"A",S79<>"C"),AND(Q79="A",R79="A",S79<>"A"))),AND(P79="C",Q79<>"C",R79<>"C",S79<>"C")),"B","C")) -> C
A80: Production de Boissons | B80: =LEFT(C80,6) -> NC01-1 | C80: NC01-1-0030-0009 | D80: Tank Biere Filtree 111 | M80: b | N80: b | O80: c | P80: b | Q80: b | R80: c | T80: =IF(OR(M80="A",N80="A",O80="A",AND(P80<>"C",Q80="A",R80="A",S80="A")),"A",IF(OR(AND(P80<>"C",OR(AND(Q80<>"A",R80<>"C",S80<>"C"),AND(Q80="A",R80<>"A",S80<>"C"),AND(Q80="A",R80="A",S80<>"A"))),AND(P80="C",Q80<>"C",R80<>"C",S80<>"C")),"B","C")) -> C
A81: Production de Boissons | B81: =LEFT(C81,6) -> NC01-1 | C81: NC01-1-0030-0010 | D81: Tank Biere Filtree 112 | M81: b | N81: b | O81: c | P81: b | Q81: b | R81: c | T81: =IF(OR(M81="A",N81="A",O81="A",AND(P81<>"C",Q81="A",R81="A",S81="A")),"A",IF(OR(AND(P81<>"C",OR(AND(Q81<>"A",R81<>"C",S81<>"C"),AND(Q81="A",R81<>"A",S81<>"C"),AND(Q81="A",R81="A",S81<>"A"))),AND(P81="C",Q81<>"C",R81<>"C",S81<>"C")),"B","C")) -> C
A82: Production de Boissons | B82: =LEFT(C82,6) -> NC01-1 | C82: NC01-1-0030-0011 | D82: Tank Biere Filtree 113 | M82: b | N82: b | O82: c | P82: b | Q82: b | R82: c | T82: =IF(OR(M82="A",N82="A",O82="A",AND(P82<>"C",Q82="A",R82="A",S82="A")),"A",IF(OR(AND(P82<>"C",OR(AND(Q82<>"A",R82<>"C",S82<>"C"),AND(Q82="A",R82<>"A",S82<>"C"),AND(Q82="A",R82="A",S82<>"A"))),AND(P82="C",Q82<>"C",R82<>"C",S82<>"C")),"B","C")) -> C
A83: Production de Boissons | B83: =LEFT(C83,6) -> NC01-1 | C83: NC01-1-0030-0012 | D83: Tank Biere Filtree 114 | M83: b | N83: b | O83: c | P83: b | Q83: b | R83: c | T83: =IF(OR(M83="A",N83="A",O83="A",AND(P83<>"C",Q83="A",R83="A",S83="A")),"A",IF(OR(AND(P83<>"C",OR(AND(Q83<>"A",R83<>"C",S83<>"C"),AND(Q83="A",R83<>"A",S83<>"C"),AND(Q83="A",R83="A",S83<>"A"))),AND(P83="C",Q83<>"C",R83<>"C",S83<>"C")),"B","C")) -> C
A84: Production de Boissons | B84: =LEFT(C84,6) -> NC01-1 | C84: NC01-1-0030-0013 | D84: Traitement De Rejet Kieselguhr | M84: c | N84: c | O84: c | P84: b | Q84: b | R84: c | T84: =IF(OR(M84="A",N84="A",O84="A",AND(P84<>"C",Q84="A",R84="A",S84="A")),"A",IF(OR(AND(P84<>"C",OR(AND(Q84<>"A",R84<>"C",S84<>"C"),AND(Q84="A",R84<>"A",S84<>"C"),AND(Q84="A",R84="A",S84<>"A"))),AND(P84="C",Q84<>"C",R84<>"C",S84<>"C")),"B","C")) -> C
A85: Production de Boissons | B85: =LEFT(C85,6) -> NC01-1 | C85: NC01-1-0030-0014 | D85: Matrice Des Vannes 1 - Zone BBT | M85: b | N85: b | O85: c | P85: b | Q85: b | R85: c | S85: b | T85: =IF(OR(M85="A",N85="A",O85="A",AND(P85<>"C",Q85="A",R85="A",S85="A")),"A",IF(OR(AND(P85<>"C",OR(AND(Q85<>"A",R85<>"C",S85<>"C"),AND(Q85="A",R85<>"A",S85<>"C"),AND(Q85="A",R85="A",S85<>"A"))),AND(P85="C",Q85<>"C",R85<>"C",S85<>"C")),"B","C")) -> C
A86: Production de Boissons | B86: =LEFT(C86,6) -> NC01-1 | C86: NC01-1-0040 | D86: Traitement Levure | M86: c | N86: c | O86: c | P86: b | Q86: b | R86: c | T86: =IF(OR(M86="A",N86="A",O86="A",AND(P86<>"C",Q86="A",R86="A",S86="A")),"A",IF(OR(AND(P86<>"C",OR(AND(Q86<>"A",R86<>"C",S86<>"C"),AND(Q86="A",R86<>"A",S86<>"C"),AND(Q86="A",R86="A",S86<>"A"))),AND(P86="C",Q86<>"C",R86<>"C",S86<>"C")),"B","C")) -> C
A87: Production de Boissons | B87: =LEFT(C87,6) -> NC01-1 | C87: NC01-1-0040-0001 | D87: Cuve Propagateur 301 | M87: c | N87: c | O87: c | P87: b | Q87: b | R87: c | T87: =IF(OR(M87="A",N87="A",O87="A",AND(P87<>"C",Q87="A",R87="A",S87="A")),"A",IF(OR(AND(P87<>"C",OR(AND(Q87<>"A",R87<>"C",S87<>"C"),AND(Q87="A",R87<>"A",S87<>"C"),AND(Q87="A",R87="A",S87<>"A"))),AND(P87="C",Q87<>"C",R87<>"C",S87<>"C")),"B","C")) -> C
A88: Production de Boissons | B88: =LEFT(C88,6) -> NC01-1 | C88: NC01-1-0040-0002 | D88: Station Réhydrater Levure | M88: c | N88: c | O88: c | P88: b | Q88: b | R88: c | T88: =IF(OR(M88="A",N88="A",O88="A",AND(P88<>"C",Q88="A",R88="A",S88="A")),"A",IF(OR(AND(P88<>"C",OR(AND(Q88<>"A",R88<>"C",S88<>"C"),AND(Q88="A",R88<>"A",S88<>"C"),AND(Q88="A",R88="A",S88<>"A"))),AND(P88="C",Q88<>"C",R88<>"C",S88<>"C")),"B","C")) -> C
A89: Production de Boissons | B89: =LEFT(C89,6) -> NC01-1 | C89: NC01-1-0040-0003 | D89: Cuve Levurier 101 | M89: c | N89: c | O89: c | P89: b | Q89: b | R89: c | T89: =IF(OR(M89="A",N89="A",O89="A",AND(P89<>"C",Q89="A",R89="A",S89="A")),"A",IF(OR(AND(P89<>"C",OR(AND(Q89<>"A",R89<>"C",S89<>"C"),AND(Q89="A",R89<>"A",S89<>"C"),AND(Q89="A",R89="A",S89<>"A"))),AND(P89="C",Q89<>"C",R89<>"C",S89<>"C")),"B","C")) -> C
A90: Production de Boissons | B90: =LEFT(C90,6) -> NC01-1 | C90: NC01-1-0040-0004 | D90: Cuve Levurier 102 | M90: c | N90: c | O90: c | P90: b | Q90: b | R90: c | T90: =IF(OR(M90="A",N90="A",O90="A",AND(P90<>"C",Q90="A",R90="A",S90="A")),"A",IF(OR(AND(P90<>"C",OR(AND(Q90<>"A",R90<>"C",S90<>"C"),AND(Q90="A",R90<>"A",S90<>"C"),AND(Q90="A",R90="A",S90<>"A"))),AND(P90="C",Q90<>"C",R90<>"C",S90<>"C")),"B","C")) -> C
A91: Production de Boissons | B91: =LEFT(C91,6) -> NC01-1 | C91: NC01-1-0040-0005 | D91: Refroidisseur De Levure | M91: c | N91: c | O91: c | P91: b | Q91: b | R91: c | T91: =IF(OR(M91="A",N91="A",O91="A",AND(P91<>"C",Q91="A",R91="A",S91="A")),"A",IF(OR(AND(P91<>"C",OR(AND(Q91<>"A",R91<>"C",S91<>"C"),AND(Q91="A",R91<>"A",S91<>"C"),AND(Q91="A",R91="A",S91<>"A"))),AND(P91="C",Q91<>"C",R91<>"C",S91<>"C")),"B","C")) -> C
A92: Production de Boissons | B92: =LEFT(C92,6) -> NC01-1 | C92: NC01-1-0040-0006 | D92: Tableau De Pontage 1 + Dosage Levure | M92: c | N92: c | O92: c | P92: b | Q92: b | R92: c | T92: =IF(OR(M92="A",N92="A",O92="A",AND(P92<>"C",Q92="A",R92="A",S92="A")),"A",IF(OR(AND(P92<>"C",OR(AND(Q92<>"A",R92<>"C",S92<>"C"),AND(Q92="A",R92<>"A",S92<>"C"),AND(Q92="A",R92="A",S92<>"A"))),AND(P92="C",Q92<>"C",R92<>"C",S92<>"C")),"B","C")) -> C
A93: Production de Boissons | B93: =LEFT(C93,6) -> NC01-1 | C93: NC01-1-0050-0001 | D93: Station CIP SOREN | M93: b | N93: a | O93: a | P93: b | Q93: a | R93: c | S93: a | T93: =IF(OR(M93="A",N93="A",O93="A",AND(P93<>"C",Q93="A",R93="A",S93="A")),"A",IF(OR(AND(P93<>"C",OR(AND(Q93<>"A",R93<>"C",S93<>"C"),AND(Q93="A",R93<>"A",S93<>"C"),AND(Q93="A",R93="A",S93<>"A"))),AND(P93="C",Q93<>"C",R93<>"C",S93<>"C")),"B","C")) -> A
A94: Production de Boissons | B94: =LEFT(C94,6) -> NC01-1 | C94: NC01-1-0050-0002 | D94: Station De Dosage Soude Et Acide | M94: b | N94: a | O94: c | P94: b | Q94: b | R94: c | T94: =IF(OR(M94="A",N94="A",O94="A",AND(P94<>"C",Q94="A",R94="A",S94="A")),"A",IF(OR(AND(P94<>"C",OR(AND(Q94<>"A",R94<>"C",S94<>"C"),AND(Q94="A",R94<>"A",S94<>"C"),AND(Q94="A",R94="A",S94<>"A"))),AND(P94="C",Q94<>"C",R94<>"C",S94<>"C")),"B","C")) -> A
A95: Production de Boissons | B95: =LEFT(C95,6) -> NC01-1 | C95: NC01-1-0060-0001 | D95: Palan Electrique | M95: c | N95: c | O95: c | P95: b | Q95: b | R95: c | S95: b | T95: =IF(OR(M95="A",N95="A",O95="A",AND(P95<>"C",Q95="A",R95="A",S95="A")),"A",IF(OR(AND(P95<>"C",OR(AND(Q95<>"A",R95<>"C",S95<>"C"),AND(Q95="A",R95<>"A",S95<>"C"),AND(Q95="A",R95="A",S95<>"A"))),AND(P95="C",Q95<>"C",R95<>"C",S95<>"C")),"B","C")) -> C
A96: Production de Boissons | B96: =LEFT(C96,6) -> NC01-1 | C96: NC01-1-0060-0002 | D96: Tremie Sucre | M96: c | N96: c | O96: a | P96: b | Q96: b | R96: c | T96: =IF(OR(M96="A",N96="A",O96="A",AND(P96<>"C",Q96="A",R96="A",S96="A")),"A",IF(OR(AND(P96<>"C",OR(AND(Q96<>"A",R96<>"C",S96<>"C"),AND(Q96="A",R96<>"A",S96<>"C"),AND(Q96="A",R96="A",S96<>"A"))),AND(P96="C",Q96<>"C",R96<>"C",S96<>"C")),"B","C")) -> A
A97: Production de Boissons | B97: =LEFT(C97,6) -> NC01-1 | C97: NC01-1-0060-0003 | D97: Vis Sans Fin Sucre | M97: c | N97: c | O97: a | P97: b | Q97: b | R97: c | T97: =IF(OR(M97="A",N97="A",O97="A",AND(P97<>"C",Q97="A",R97="A",S97="A")),"A",IF(OR(AND(P97<>"C",OR(AND(Q97<>"A",R97<>"C",S97<>"C"),AND(Q97="A",R97<>"A",S97<>"C"),AND(Q97="A",R97="A",S97<>"A"))),AND(P97="C",Q97<>"C",R97<>"C",S97<>"C")),"B","C")) -> A
A98: Production de Boissons | B98: =LEFT(C98,6) -> NC01-1 | C98: NC01-1-0060-0004 | D98: Installation Preparation Sirop | M98: b | N98: b | O98: a | P98: b | Q98: b | R98: c | T98: =IF(OR(M98="A",N98="A",O98="A",AND(P98<>"C",Q98="A",R98="A",S98="A")),"A",IF(OR(AND(P98<>"C",OR(AND(Q98<>"A",R98<>"C",S98<>"C"),AND(Q98="A",R98<>"A",S98<>"C"),AND(Q98="A",R98="A",S98<>"A"))),AND(P98="C",Q98<>"C",R98<>"C",S98<>"C")),"B","C")) -> A
A99: Production de Boissons | B99: =LEFT(C99,6) -> NC01-1 | C99: NC01-1-0060-0005 | D99: Filtre Presse Sirop | M99: b | N99: b | O99: a | P99: b | Q99: b | R99: c | T99: =IF(OR(M99="A",N99="A",O99="A",AND(P99<>"C",Q99="A",R99="A",S99="A")),"A",IF(OR(AND(P99<>"C",OR(AND(Q99<>"A",R99<>"C",S99<>"C"),AND(Q99="A",R99<>"A",S99<>"C"),AND(Q99="A",R99="A",S99<>"A"))),AND(P99="C",Q99<>"C",R99<>"C",S99<>"C")),"B","C")) -> A
A100: Production de Boissons | B100: =LEFT(C100,6) -> NC01-1 | C100: NC01-1-0060-0006 | D100: Conge Sirop | M100: b | N100: b | O100: a | P100: b | Q100: b | R100: c | T100: =IF(OR(M100="A",N100="A",O100="A",AND(P100<>"C",Q100="A",R100="A",S100="A")),"A",IF(OR(AND(P100<>"C",OR(AND(Q100<>"A",R100<>"C",S100<>"C"),AND(Q100="A",R100<>"A",S100<>"C"),AND(Q100="A",R100="A",S100<>"A"))),AND(P100="C",Q100<>"C",R100<>"C",S100<>"C")),"B","C")) -> A
A101: Production de Boissons | B101: =LEFT(C101,6) -> NC01-1 | C101: NC01-1-0060-0007 | D101: Installation Post Mix | M101: b | N101: b | O101: b | P101: b | Q101: b | R101: c | T101: =IF(OR(M101="A",N101="A",O101="A",AND(P101<>"C",Q101="A",R101="A",S101="A")),"A",IF(OR(AND(P101<>"C",OR(AND(Q101<>"A",R101<>"C",S101<>"C"),AND(Q101="A",R101<>"A",S101<>"C"),AND(Q101="A",R101="A",S101<>"A"))),AND(P101="C",Q101<>"C",R101<>"C",S101<>"C")),"B","C")) -> C
A102: Production de Boissons | B102: =LEFT(C102,6) -> NC01-1 | C102: NC01-1-0060-0008 | D102: Chambre Froide | M102: b | N102: b | O102: b | P102: b | Q102: b | R102: c | T102: =IF(OR(M102="A",N102="A",O102="A",AND(P102<>"C",Q102="A",R102="A",S102="A")),"A",IF(OR(AND(P102<>"C",OR(AND(Q102<>"A",R102<>"C",S102<>"C"),AND(Q102="A",R102<>"A",S102<>"C"),AND(Q102="A",R102="A",S102<>"A"))),AND(P102="C",Q102<>"C",R102<>"C",S102<>"C")),"B","C")) -> C
A103: Production de Boissons | B103: =LEFT(C103,6) -> NC01-1 | C103: NC01-1-0060-0009 | D103: Salle Stockage Climatisee | M103: b | N103: b | O103: b | P103: b | Q103: b | R103: c | T103: =IF(OR(M103="A",N103="A",O103="A",AND(P103<>"C",Q103="A",R103="A",S103="A")),"A",IF(OR(AND(P103<>"C",OR(AND(Q103<>"A",R103<>"C",S103<>"C"),AND(Q103="A",R103<>"A",S103<>"C"),AND(Q103="A",R103="A",S103<>"A"))),AND(P103="C",Q103<>"C",R103<>"C",S103<>"C")),"B","C")) -> C
A104: Production de Boissons | B104: =LEFT(C104,6) -> NC01-1 | C104: NC01-1-0060-0010 | D104: Premix | G104: KB40354 | J104: KRONES | K104: KRONES | L104: 2011 | M104: b | N104: c | O104: b | P104: b | Q104: b | R104: c | T104: =IF(OR(M104="A",N104="A",O104="A",AND(P104<>"C",Q104="A",R104="A",S104="A")),"A",IF(OR(AND(P104<>"C",OR(AND(Q104<>"A",R104<>"C",S104<>"C"),AND(Q104="A",R104<>"A",S104<>"C"),AND(Q104="A",R104="A",S104<>"A"))),AND(P104="C",Q104<>"C",R104<>"C",S104<>"C")),"B","C")) -> C
A105: Conditionnement | B105: =LEFT(C105,6) -> NC01-2 | C105: NC01-2-0001-0001-01 | D105: Depalettiseur Bouteille | G105: 39028 | K105: BERCHI | L105: 1994 | M105: C | N105: C | O105: B | P105: b | Q105: b | R105: a | T105: =IF(OR(M105="A",N105="A",O105="A",AND(P105<>"C",Q105="A",R105="A",S105="A")),"A",IF(OR(AND(P105<>"C",OR(AND(Q105<>"A",R105<>"C",S105<>"C"),AND(Q105="A",R105<>"A",S105<>"C"),AND(Q105="A",R105="A",S105<>"A"))),AND(P105="C",Q105<>"C",R105<>"C",S105<>"C")),"B","C")) -> B
A106: Conditionnement | B106: =LEFT(C106,6) -> NC01-2 | C106: NC01-2-0001-0002-01 | D106: Controleur Metal Bouteille | G106: K-707-U60 | J106: KRONES | K106: KRONES | M106: c | N106: c | O106: a | P106: b | Q106: b | R106: c | T106: =IF(OR(M106="A",N106="A",O106="A",AND(P106<>"C",Q106="A",R106="A",S106="A")),"A",IF(OR(AND(P106<>"C",OR(AND(Q106<>"A",R106<>"C",S106<>"C"),AND(Q106="A",R106<>"A",S106<>"C"),AND(Q106="A",R106="A",S106<>"A"))),AND(P106="C",Q106<>"C",R106<>"C",S106<>"C")),"B","C")) -> A
A107: Conditionnement | B107: =LEFT(C107,6) -> NC01-2 | C107: NC01-2-0001-0002-02 | D107: Controleur Niveau Et Etiquetage Bouteille | K107: HEUFT | L107: 2002 | M107: c | N107: c | O107: a | P107: b | Q107: b | R107: c | T107: =IF(OR(M107="A",N107="A",O107="A",AND(P107<>"C",Q107="A",R107="A",S107="A")),"A",IF(OR(AND(P107<>"C",OR(AND(Q107<>"A",R107<>"C",S107<>"C"),AND(Q107="A",R107<>"A",S107<>"C"),AND(Q107="A",R107="A",S107<>"A"))),AND(P107="C",Q107<>"C",R107<>"C",S107<>"C")),"B","C")) -> A
A108: Conditionnement | B108: =LEFT(C108,6) -> NC01-2 | C108: NC01-2-0001-0002-03 | D108: Controleur Etancheite Capsule Bouteille | M108: c | N108: c | O108: a | P108: b | Q108: b | R108: c | T108: =IF(OR(M108="A",N108="A",O108="A",AND(P108<>"C",Q108="A",R108="A",S108="A")),"A",IF(OR(AND(P108<>"C",OR(AND(Q108<>"A",R108<>"C",S108<>"C"),AND(Q108="A",R108<>"A",S108<>"C"),AND(Q108="A",R108="A",S108<>"A"))),AND(P108="C",Q108<>"C",R108<>"C",S108<>"C")),"B","C")) -> A
A109: Conditionnement | B109: =LEFT(C109,6) -> NC01-2 | C109: NC01-2-0001-0003-01 | D109: Rinceuse Bouteille | G109: K-563-188 | H109: bph | I109: 60000 | J109: KRONES | K109: KRONES | L109: 2001 | M109: C | N109: C | O109: B | P109: b | Q109: b | R109: c | T109: =IF(OR(M109="A",N109="A",O109="A",AND(P109<>"C",Q109="A",R109="A",S109="A")),"A",IF(OR(AND(P109<>"C",OR(AND(Q109<>"A",R109<>"C",S109<>"C"),AND(Q109="A",R109<>"A",S109<>"C"),AND(Q109="A",R109="A",S109<>"A"))),AND(P109="C",Q109<>"C",R109<>"C",S109<>"C")),"B","C")) -> C
A110: Conditionnement | B110: =LEFT(C110,6) -> NC01-2 | C110: NC01-2-0001-0004-01 | D110: Soutireuse / Capsuleuse Bouteille | G110: F01180001 | H110: bph | I110: 15000 | K110: KOSME | M110: b | N110: c | O110: a | P110: b | Q110: b | R110: a | T110: =IF(OR(M110="A",N110="A",O110="A",AND(P110<>"C",Q110="A",R110="A",S110="A")),"A",IF(OR(AND(P110<>"C",OR(AND(Q110<>"A",R110<>"C",S110<>"C"),AND(Q110="A",R110<>"A",S110<>"C"),AND(Q110="A",R110="A",S110<>"A"))),AND(P110="C",Q110<>"C",R110<>"C",S110<>"C")),"B","C")) -> A
A111: Conditionnement | B111: =LEFT(C111,6) -> NC01-2 | C111: NC01-2-0001-0005-01 | D111: Pasteurisateur Bouteille | M111: b | N111: c | O111: b | P111: b | Q111: b | R111: c | T111: =IF(OR(M111="A",N111="A",O111="A",AND(P111<>"C",Q111="A",R111="A",S111="A")),"A",IF(OR(AND(P111<>"C",OR(AND(Q111<>"A",R111<>"C",S111<>"C"),AND(Q111="A",R111<>"A",S111<>"C"),AND(Q111="A",R111="A",S111<>"A"))),AND(P111="C",Q111<>"C",R111<>"C",S111<>"C")),"B","C")) -> C
A112: Conditionnement | B112: =LEFT(C112,6) -> NC01-2 | C112: NC01-2-0001-0006-01 | D112: Etiqueteuse Bouteille | G112: K-723-459 | H112: bph | I112: 16000 | J112: KRONES | K112: KRONES | L112: 1988 | M112: b | N112: b | O112: a | P112: b | Q112: b | R112: a | T112: =IF(OR(M112="A",N112="A",O112="A",AND(P112<>"C",Q112="A",R112="A",S112="A")),"A",IF(OR(AND(P112<>"C",OR(AND(Q112<>"A",R112<>"C",S112<>"C"),AND(Q112="A",R112<>"A",S112<>"C"),AND(Q112="A",R112="A",S112<>"A"))),AND(P112="C",Q112<>"C",R112<>"C",S112<>"C")),"B","C")) -> A
A113: Conditionnement | B113: =LEFT(C113,6) -> NC01-2 | C113: NC01-2-0001-0007-01 | D113: Imprimante Jet D'Encre Bouteille | K113: Codemark | M113: c | N113: c | O113: c | P113: b | Q113: c | R113: b | S113: c | T113: =IF(OR(M113="A",N113="A",O113="A",AND(P113<>"C",Q113="A",R113="A",S113="A")),"A",IF(OR(AND(P113<>"C",OR(AND(Q113<>"A",R113<>"C",S113<>"C"),AND(Q113="A",R113<>"A",S113<>"C"),AND(Q113="A",R113="A",S113<>"A"))),AND(P113="C",Q113<>"C",R113<>"C",S113<>"C")),"B","C")) -> C
A114: Conditionnement | B114: =LEFT(C114,6) -> NC01-2 | C114: NC01-2-0001-0008-01 | D114: Encaisseuse Bouteille | G114: K-R60-121 | J114: KRONES | K114: KETTNER | L114: 2001 | M114: C | N114: C | O114: B | P114: b | Q114: b | R114: c | T114: =IF(OR(M114="A",N114="A",O114="A",AND(P114<>"C",Q114="A",R114="A",S114="A")),"A",IF(OR(AND(P114<>"C",OR(AND(Q114<>"A",R114<>"C",S114<>"C"),AND(Q114="A",R114<>"A",S114<>"C"),AND(Q114="A",R114="A",S114<>"A"))),AND(P114="C",Q114<>"C",R114<>"C",S114<>"C")),"B","C")) -> C
A115: Conditionnement | B115: =LEFT(C115,6) -> NC01-2 | C115: NC01-2-0001-0008-02 | D115: Deplieuse Cartons Bouteille | G115: K-901-600 | H115: bph | I115: 60000 | K115: PEXCO | M115: C | N115: C | O115: B | P115: b | Q115: b | R115: c | T115: =IF(OR(M115="A",N115="A",O115="A",AND(P115<>"C",Q115="A",R115="A",S115="A")),"A",IF(OR(AND(P115<>"C",OR(AND(Q115<>"A",R115<>"C",S115<>"C"),AND(Q115="A",R115<>"A",S115<>"C"),AND(Q115="A",R115="A",S115<>"A"))),AND(P115="C",Q115<>"C",R115<>"C",S115<>"C")),"B","C")) -> C
A116: Conditionnement | B116: =LEFT(C116,6) -> NC01-2 | C116: NC01-2-0001-0008-03 | D116: Encolleuse Bouteille | G116: V931-230-132 | K116: PEXCO | L116: 1993 | M116: C | N116: C | O116: B | P116: b | Q116: b | R116: c | T116: =IF(OR(M116="A",N116="A",O116="A",AND(P116<>"C",Q116="A",R116="A",S116="A")),"A",IF(OR(AND(P116<>"C",OR(AND(Q116<>"A",R116<>"C",S116<>"C"),AND(Q116="A",R116<>"A",S116<>"C"),AND(Q116="A",R116="A",S116<>"A"))),AND(P116="C",Q116<>"C",R116<>"C",S116<>"C")),"B","C")) -> C
A117: Conditionnement | B117: =LEFT(C117,6) -> NC01-2 | C117: NC01-2-0001-0008-04 | D117: Mise En Pack Bouteille | T117: =IF(OR(M117="A",N117="A",O117="A",AND(P117<>"C",Q117="A",R117="A",S117="A")),"A",IF(OR(AND(P117<>"C",OR(AND(Q117<>"A",R117<>"C",S117<>"C"),AND(Q117="A",R117<>"A",S117<>"C"),AND(Q117="A",R117="A",S117<>"A"))),AND(P117="C",Q117<>"C",R117<>"C",S117<>"C")),"B","C")) -> B
A118: Conditionnement | B118: =LEFT(C118,6) -> NC01-2 | C118: NC01-2-0001-0009-01 | D118: Convoyeurs Bouteille | M118: c | N118: c | O118: c | P118: b | Q118: b | R118: c | T118: =IF(OR(M118="A",N118="A",O118="A",AND(P118<>"C",Q118="A",R118="A",S118="A")),"A",IF(OR(AND(P118<>"C",OR(AND(Q118<>"A",R118<>"C",S118<>"C"),AND(Q118="A",R118<>"A",S118<>"C"),AND(Q118="A",R118="A",S118<>"A"))),AND(P118="C",Q118<>"C",R118<>"C",S118<>"C")),"B","C")) -> C
A119: Conditionnement | B119: =LEFT(C119,6) -> NC01-2 | C119: NC01-2-0001-0009-02 | D119: Centrale Lubrification Bouteille | M119: c | N119: c | O119: c | P119: b | Q119: b | R119: c | T119: =IF(OR(M119="A",N119="A",O119="A",AND(P119<>"C",Q119="A",R119="A",S119="A")),"A",IF(OR(AND(P119<>"C",OR(AND(Q119<>"A",R119<>"C",S119<>"C"),AND(Q119="A",R119<>"A",S119<>"C"),AND(Q119="A",R119="A",S119<>"A"))),AND(P119="C",Q119<>"C",R119<>"C",S119<>"C")),"B","C")) -> C
A120: Conditionnement | B120: =LEFT(C120,6) -> NC01-2 | C120: NC01-2-0020-0001-01 | D120: Depalettiseur Boite | G120: 7864902 | H120: cph | I120: 24000 | J120: SEN | K120: SEN | L120: 1988 | M120: C | N120: C | O120: B | P120: b | Q120: b | R120: c | S120: c | T120: =IF(OR(M120="A",N120="A",O120="A",AND(P120<>"C",Q120="A",R120="A",S120="A")),"A",IF(OR(AND(P120<>"C",OR(AND(Q120<>"A",R120<>"C",S120<>"C"),AND(Q120="A",R120<>"A",S120<>"C"),AND(Q120="A",R120="A",S120<>"A"))),AND(P120="C",Q120<>"C",R120<>"C",S120<>"C")),"B","C")) -> C
A121: Conditionnement | B121: =LEFT(C121,6) -> NC01-2 | C121: NC01-2-0020-0002-01 | D121: Rinceuse Boite | G121: K-905-431 | J121: KRONES | K121: Trans-Tech Hysek (TTH) | M121: C | N121: C | O121: B | P121: b | Q121: b | R121: c | S121: c | T121: =IF(OR(M121="A",N121="A",O121="A",AND(P121<>"C",Q121="A",R121="A",S121="A")),"A",IF(OR(AND(P121<>"C",OR(AND(Q121<>"A",R121<>"C",S121<>"C"),AND(Q121="A",R121<>"A",S121<>"C"),AND(Q121="A",R121="A",S121<>"A"))),AND(P121="C",Q121<>"C",R121<>"C",S121<>"C")),"B","C")) -> C
A122: Conditionnement | B122: =LEFT(C122,6) -> NC01-2 | C122: NC01-2-0020-0003-01 | D122: Soutireuse Boite | G122: K-222-154 | H122: cph | I122: 60000 | J122: KRONES | L122: 2015 | M122: b | N122: b | O122: a | P122: b | Q122: b | R122: c | S122: a | T122: =IF(OR(M122="A",N122="A",O122="A",AND(P122<>"C",Q122="A",R122="A",S122="A")),"A",IF(OR(AND(P122<>"C",OR(AND(Q122<>"A",R122<>"C",S122<>"C"),AND(Q122="A",R122<>"A",S122<>"C"),AND(Q122="A",R122="A",S122<>"A"))),AND(P122="C",Q122<>"C",R122<>"C",S122<>"C")),"B","C")) -> A
A123: Conditionnement | B123: =LEFT(C123,6) -> NC01-2 | C123: NC01-2-0020-0004-01 | D123: Sertisseuse Boite | G123: K-8261-SR | H123: cph | I123: 45000 | J123: KRONES | K123: FERRUM | L123: 2015 | M123: C | N123: C | O123: B | P123: b | Q123: b | R123: c | S123: c | T123: =IF(OR(M123="A",N123="A",O123="A",AND(P123<>"C",Q123="A",R123="A",S123="A")),"A",IF(OR(AND(P123<>"C",OR(AND(Q123<>"A",R123<>"C",S123<>"C"),AND(Q123="A",R123<>"A",S123<>"C"),AND(Q123="A",R123="A",S123<>"A"))),AND(P123="C",Q123<>"C",R123<>"C",S123<>"C")),"B","C")) -> C
A124: Conditionnement | B124: =LEFT(C124,6) -> NC01-2 | C124: NC01-2-0020-0005-01 | D124: Pasteurisateur Boite | G124: K-574-066 | H124: cph | I124: 25000 | J124: KRONES | K124: SANDER HANSEN | L124: 2001 | M124: b | N124: b | O124: a | P124: b | Q124: b | R124: c | T124: =IF(OR(M124="A",N124="A",O124="A",AND(P124<>"C",Q124="A",R124="A",S124="A")),"A",IF(OR(AND(P124<>"C",OR(AND(Q124<>"A",R124<>"C",S124<>"C"),AND(Q124="A",R124<>"A",S124<>"C"),AND(Q124="A",R124="A",S124<>"A"))),AND(P124="C",Q124<>"C",R124<>"C",S124<>"C")),"B","C")) -> A
A125: Conditionnement | B125: =LEFT(C125,6) -> NC01-2 | C125: NC01-2-0020-0006-01 | D125: Controleur De Niveau 1 Boite | G125: K-731-AMQ | J125: KRONES | K125: KRONES | L125: 2015 | M125: c | N125: c | O125: a | P125: b | Q125: b | R125: c | S125: c | T125: =IF(OR(M125="A",N125="A",O125="A",AND(P125<>"C",Q125="A",R125="A",S125="A")),"A",IF(OR(AND(P125<>"C",OR(AND(Q125<>"A",R125<>"C",S125<>"C"),AND(Q125="A",R125<>"A",S125<>"C"),AND(Q125="A",R125="A",S125<>"A"))),AND(P125="C",Q125<>"C",R125<>"C",S125<>"C")),"B","C")) -> A
A126: Conditionnement | B126: =LEFT(C126,6) -> NC01-2 | C126: NC01-2-0020-0006-02 | D126: Controleur De Niveau 2 Boite | G126: 9809007 | H126: cph | I126: 72000 | K126: HEUFT | M126: C | N126: C | O126: B | P126: b | Q126: b | R126: c | S126: c | T126: =IF(OR(M126="A",N126="A",O126="A",AND(P126<>"C",Q126="A",R126="A",S126="A")),"A",IF(OR(AND(P126<>"C",OR(AND(Q126<>"A",R126<>"C",S126<>"C"),AND(Q126="A",R126<>"A",S126<>"C"),AND(Q126="A",R126="A",S126<>"A"))),AND(P126="C",Q126<>"C",R126<>"C",S126<>"C")),"B","C")) -> C
A127: Conditionnement | B127: =LEFT(C127,6) -> NC01-2 | C127: NC01-2-0020-0007-01 | D127: Imprimante Boite | M127: c | N127: c | O127: b | P127: b | Q127: b | R127: c | S127: c | T127: =IF(OR(M127="A",N127="A",O127="A",AND(P127<>"C",Q127="A",R127="A",S127="A")),"A",IF(OR(AND(P127<>"C",OR(AND(Q127<>"A",R127<>"C",S127<>"C"),AND(Q127="A",R127<>"A",S127<>"C"),AND(Q127="A",R127="A",S127<>"A"))),AND(P127="C",Q127<>"C",R127<>"C",S127<>"C")),"B","C")) -> C
A128: Conditionnement | B128: =LEFT(C128,6) -> NC01-2 | C128: NC01-2-0020-0008-01 | D128: Convoyeurs Boite | M128: c | N128: c | O128: c | P128: b | Q128: b | R128: c | S128: c | T128: =IF(OR(M128="A",N128="A",O128="A",AND(P128<>"C",Q128="A",R128="A",S128="A")),"A",IF(OR(AND(P128<>"C",OR(AND(Q128<>"A",R128<>"C",S128<>"C"),AND(Q128="A",R128<>"A",S128<>"C"),AND(Q128="A",R128="A",S128<>"A"))),AND(P128="C",Q128<>"C",R128<>"C",S128<>"C")),"B","C")) -> C
A129: Conditionnement | B129: =LEFT(C129,6) -> NC01-2 | C129: NC01-2-0020-0008-02 | D129: Centrale Lubrification Boite | M129: b | N129: C | O129: B | P129: b | Q129: b | R129: c | T129: =IF(OR(M129="A",N129="A",O129="A",AND(P129<>"C",Q129="A",R129="A",S129="A")),"A",IF(OR(AND(P129<>"C",OR(AND(Q129<>"A",R129<>"C",S129<>"C"),AND(Q129="A",R129<>"A",S129<>"C"),AND(Q129="A",R129="A",S129<>"A"))),AND(P129="C",Q129<>"C",R129<>"C",S129<>"C")),"B","C")) -> C
A130: Conditionnement | B130: =LEFT(C130,6) -> NC01-2 | C130: NC01-2-0020-0009 | D130: Sécheur Boite | M130: c | N130: c | O130: c | P130: b | Q130: b | R130: c | S130: c | T130: =IF(OR(M130="A",N130="A",O130="A",AND(P130<>"C",Q130="A",R130="A",S130="A")),"A",IF(OR(AND(P130<>"C",OR(AND(Q130<>"A",R130<>"C",S130<>"C"),AND(Q130="A",R130<>"A",S130<>"C"),AND(Q130="A",R130="A",S130<>"A"))),AND(P130="C",Q130<>"C",R130<>"C",S130<>"C")),"B","C")) -> C
A131: Conditionnement | B131: =LEFT(C131,6) -> NC01-2 | C131: NC01-2-0030-0001-01 | D131: Pasteurisateur Flash Futs | K131: FISCHER | M131: b | N131: b | O131: B | P131: b | Q131: b | R131: c | T131: =IF(OR(M131="A",N131="A",O131="A",AND(P131<>"C",Q131="A",R131="A",S131="A")),"A",IF(OR(AND(P131<>"C",OR(AND(Q131<>"A",R131<>"C",S131<>"C"),AND(Q131="A",R131<>"A",S131<>"C"),AND(Q131="A",R131="A",S131<>"A"))),AND(P131="C",Q131<>"C",R131<>"C",S131<>"C")),"B","C")) -> C
A132: Conditionnement | B132: =LEFT(C132,6) -> NC01-2 | C132: NC01-2-0030-0002-01 | D132: Convoyeurs De La Ligne Futs | G132: TR-01-000 | K132: KHS | M132: C | N132: C | O132: B | P132: b | Q132: b | R132: c | T132: =IF(OR(M132="A",N132="A",O132="A",AND(P132<>"C",Q132="A",R132="A",S132="A")),"A",IF(OR(AND(P132<>"C",OR(AND(Q132<>"A",R132<>"C",S132<>"C"),AND(Q132="A",R132<>"A",S132<>"C"),AND(Q132="A",R132="A",S132<>"A"))),AND(P132="C",Q132<>"C",R132<>"C",S132<>"C")),"B","C")) -> C
A133: Conditionnement | B133: =LEFT(C133,6) -> NC01-2 | C133: NC01-2-0030-0003-01 | D133: Laveuse Futs | G133: 5020-131-734 | K133: KHS | M133: C | N133: C | O133: B | P133: b | Q133: b | R133: c | T133: =IF(OR(M133="A",N133="A",O133="A",AND(P133<>"C",Q133="A",R133="A",S133="A")),"A",IF(OR(AND(P133<>"C",OR(AND(Q133<>"A",R133<>"C",S133<>"C"),AND(Q133="A",R133<>"A",S133<>"C"),AND(Q133="A",R133="A",S133<>"A"))),AND(P133="C",Q133<>"C",R133<>"C",S133<>"C")),"B","C")) -> C
A134: Conditionnement | B134: =LEFT(C134,6) -> NC01-2 | C134: NC01-2-0030-0004-01 | D134: Cuve Tampon Futs | G134: 502-131-135 | K134: KHS | L134: 1995 | M134: b | N134: C | O134: a | P134: b | Q134: b | R134: a | T134: =IF(OR(M134="A",N134="A",O134="A",AND(P134<>"C",Q134="A",R134="A",S134="A")),"A",IF(OR(AND(P134<>"C",OR(AND(Q134<>"A",R134<>"C",S134<>"C"),AND(Q134="A",R134<>"A",S134<>"C"),AND(Q134="A",R134="A",S134<>"A"))),AND(P134="C",Q134<>"C",R134<>"C",S134<>"C")),"B","C")) -> A
A135: Conditionnement | B135: =LEFT(C135,6) -> NC01-2 | C135: NC01-2-0030-0004-02 | D135: Soutireuse Futs | G135: 502-131-135 | K135: KHS | L135: 1995 | M135: b | N135: C | O135: a | P135: b | Q135: b | R135: a | T135: =IF(OR(M135="A",N135="A",O135="A",AND(P135<>"C",Q135="A",R135="A",S135="A")),"A",IF(OR(AND(P135<>"C",OR(AND(Q135<>"A",R135<>"C",S135<>"C"),AND(Q135="A",R135<>"A",S135<>"C"),AND(Q135="A",R135="A",S135<>"A"))),AND(P135="C",Q135<>"C",R135<>"C",S135<>"C")),"B","C")) -> A
A136: Conditionnement | B136: =LEFT(C136,6) -> NC01-2 | C136: NC01-2-0040-0001-01 | D136: Compresseur Air PET | M136: C | N136: C | O136: B | P136: b | Q136: b | R136: c | S136: a | T136: =IF(OR(M136="A",N136="A",O136="A",AND(P136<>"C",Q136="A",R136="A",S136="A")),"A",IF(OR(AND(P136<>"C",OR(AND(Q136<>"A",R136<>"C",S136<>"C"),AND(Q136="A",R136<>"A",S136<>"C"),AND(Q136="A",R136="A",S136<>"A"))),AND(P136="C",Q136<>"C",R136<>"C",S136<>"C")),"B","C")) -> C
A137: Conditionnement | B137: =LEFT(C137,6) -> NC01-2 | C137: NC01-2-0040-0001-02 | D137: Tour De Refroidissement 40 Bars | M137: C | N137: C | O137: B | P137: b | Q137: b | R137: c | S137: a | T137: =IF(OR(M137="A",N137="A",O137="A",AND(P137<>"C",Q137="A",R137="A",S137="A")),"A",IF(OR(AND(P137<>"C",OR(AND(Q137<>"A",R137<>"C",S137<>"C"),AND(Q137="A",R137<>"A",S137<>"C"),AND(Q137="A",R137="A",S137<>"A"))),AND(P137="C",Q137<>"C",R137<>"C",S137<>"C")),"B","C")) -> C
A138: Conditionnement | B138: =LEFT(C138,6) -> NC01-2 | C138: NC01-2-0040-0001-03 | D138: Souffleuse PET | G138: K-998-A55 | H138: bph | I138: 60000 | J138: KRONES | K138: KRONES | L138: 2015 | M138: c | N138: c | O138: b | P138: b | Q138: b | R138: c | S138: a | T138: =IF(OR(M138="A",N138="A",O138="A",AND(P138<>"C",Q138="A",R138="A",S138="A")),"A",IF(OR(AND(P138<>"C",OR(AND(Q138<>"A",R138<>"C",S138<>"C"),AND(Q138="A",R138<>"A",S138<>"C"),AND(Q138="A",R138="A",S138<>"A"))),AND(P138="C",Q138<>"C",R138<>"C",S138<>"C")),"B","C")) -> C
A139: Conditionnement | B139: =LEFT(C139,6) -> NC01-2 | C139: NC01-2-0040-0001-04 | D139: Circuit de refroidissement glycol PET | G139: cBoxX60 | H139: °C | I139: -25 | J139: ait-deutschland GmbH | K139: KKT | L139: 2015 | M139: c | N139: c | O139: b | P139: b | Q139: b | R139: c | S139: a | T139: =IF(OR(M139="A",N139="A",O139="A",AND(P139<>"C",Q139="A",R139="A",S139="A")),"A",IF(OR(AND(P139<>"C",OR(AND(Q139<>"A",R139<>"C",S139<>"C"),AND(Q139="A",R139<>"A",S139<>"C"),AND(Q139="A",R139="A",S139<>"A"))),AND(P139="C",Q139<>"C",R139<>"C",S139<>"C")),"B","C")) -> C
A140: Conditionnement | B140: =LEFT(C140,6) -> NC01-2 | C140: NC01-2-0040-0002-01 | D140: Chargeur Preformes PET | G140: K-998-A54 | J140: KRONES | K140: KRONES | L140: 2015 | M140: c | N140: c | O140: c | P140: b | Q140: b | R140: c | S140: a | T140: =IF(OR(M140="A",N140="A",O140="A",AND(P140<>"C",Q140="A",R140="A",S140="A")),"A",IF(OR(AND(P140<>"C",OR(AND(Q140<>"A",R140<>"C",S140<>"C"),AND(Q140="A",R140<>"A",S140<>"C"),AND(Q140="A",R140="A",S140<>"A"))),AND(P140="C",Q140<>"C",R140<>"C",S140<>"C")),"B","C")) -> C
A141: Conditionnement | B141: =LEFT(C141,6) -> NC01-2 | C141: NC01-2-0040-0002-02 | D141: Alimentateur Preformes PET | G141: K-998-A54 | H141: bph | I141: 60000 | J141: KRONES | K141: KRONES | L141: 2015 | M141: c | N141: c | O141: c | P141: b | Q141: b | R141: c | S141: a | T141: =IF(OR(M141="A",N141="A",O141="A",AND(P141<>"C",Q141="A",R141="A",S141="A")),"A",IF(OR(AND(P141<>"C",OR(AND(Q141<>"A",R141<>"C",S141<>"C"),AND(Q141="A",R141<>"A",S141<>"C"),AND(Q141="A",R141="A",S141<>"A"))),AND(P141="C",Q141<>"C",R141<>"C",S141<>"C")),"B","C")) -> C
A142: Conditionnement | B142: =LEFT(C142,6) -> NC01-2 | C142: NC01-2-0040-0003-01 | D142: Soutireuse PET | G142: K-122-940 | H142: bph | I142: 60000 | J142: KRONES | K142: KRONES | L142: 2015 | M142: b | N142: c | O142: a | P142: b | Q142: b | R142: c | S142: a | T142: =IF(OR(M142="A",N142="A",O142="A",AND(P142<>"C",Q142="A",R142="A",S142="A")),"A",IF(OR(AND(P142<>"C",OR(AND(Q142<>"A",R142<>"C",S142<>"C"),AND(Q142="A",R142<>"A",S142<>"C"),AND(Q142="A",R142="A",S142<>"A"))),AND(P142="C",Q142<>"C",R142<>"C",S142<>"C")),"B","C")) -> A
A143: Conditionnement | B143: =LEFT(C143,6) -> NC01-2 | C143: NC01-2-0040-0003-02 | D143: Alimentateur Bouchons PET | G143: K-122-940 | J143: KRONES | K143: GASSNER | L143: 2015 | M143: c | N143: c | O143: b | P143: b | Q143: b | R143: c | S143: a | T143: =IF(OR(M143="A",N143="A",O143="A",AND(P143<>"C",Q143="A",R143="A",S143="A")),"A",IF(OR(AND(P143<>"C",OR(AND(Q143<>"A",R143<>"C",S143<>"C"),AND(Q143="A",R143<>"A",S143<>"C"),AND(Q143="A",R143="A",S143<>"A"))),AND(P143="C",Q143<>"C",R143<>"C",S143<>"C")),"B","C")) -> C
...

Sheet Analyse ABC
C7: A | E7: B | G7: C | L7: Nombre de ABC Class | M7: Étiquettes de colonnes
A8: E | B8: Environment | C8: Has caused parameters out of legal specification, with external impact | E8: Has caused parameters out of legal specification, with internal impact | G8: No environmental impact | L8: Étiquettes de lignes | M8: Conditionnement | N8: Distribution & Logistique | O8: Service Technique | P8: Installation sur le site | Q8: Production de Boissons | R8: Utilité | S8: Total général | T8: =M8 -> Conditionnement | U8: =N8 -> Distribution & Logistique | V8: =O8 -> Service Technique | W8: =P8 -> Installation sur le site | X8: =Q8 -> Production de Boissons | Y8: =R8 -> Utilité | Z8: Total général
A9: S | B9: Safety | C9: Has caused safety risks involving death or permanent disability | E9: Has caused safety risks involving temporary disability or labour disease | G9: Has caused safety risks without accidents or disabilities | L9: A | M9: 18 | Q9: 15 | R9: 17 | S9: 50 | T9: =M9/M$12 -> 0.29032258 | U9: =N9/N$12 -> 0 | V9: =O9/O$12 -> 0 | W9: =P9/P$12 -> 0 | X9: =Q9/Q$12 -> 0.15 | Y9: =R9/R$12 -> 0.41463415 | Z9: =S9/S$12 -> 0.23696682
A10: Q | B10: Quality | C10: Has caused non-conformities perceived by the customer | E10: Has caused non-conformities which can reject a batch or a lot | G10: Has caused re-process or has no impact | L10: B | M10: 3 | Q10: 1 | R10: 24 | S10: 28 | T10: =M10/M$12 -> 0.048387097 | U10: =N10/N$12 -> 0 | V10: =O10/O$12 -> 0 | W10: =P10/P$12 -> 0 | X10: =Q10/Q$12 -> 0.01 | Y10: =R10/R$12 -> 0.58536585 | Z10: =S10/S$12 -> 0.13270142
A11: W | B11: Working Time | C11: 24 hours / day | E11: 8 – 24 hours / day | G11: < 8 hours / day | L11: C | M11: 41 | N11: 2 | O11: 1 | P11: 5 | Q11: 84 | S11: 133 | T11: =M11/M$12 -> 0.66129032 | U11: =N11/N$12 -> 1 | V11: =O11/O$12 -> 1 | W11: =P11/P$12 -> 1 | X11: =Q11/Q$12 -> 0.84 | Y11: =R11/R$12 -> 0 | Z11: =S11/S$12 -> 0.63033175
A12: D | B12: Delivery | C12: Has caused an impact on the whole brewery production | E12: Has caused an impact on the line production | G12: No production impact | L12: Total général | M12: 62 | N12: 2 | O12: 1 | P12: 5 | Q12: 100 | R12: 41 | S12: 211 | T12: =M12/M$12 -> 1 | U12: =N12/N$12 -> 1 | V12: =O12/O$12 -> 1 | W12: =P12/P$12 -> 1 | X12: =Q12/Q$12 -> 1 | Y12: =R12/R$12 -> 1 | Z12: =S12/S$12 -> 1
A13: F | B13: Frequency1) | C13: F > “X” BD / month | E13: “Y” < F < “X” BD / month | G13: F < “Y” BD / month
A14: M | B14: Maintainability2) | C14: MTTR > “Z” hours | E14: “T” min < MTTR < “Z” hours | G14: MTTR < “T” min
B17: 1) | C17: X is the average N°of BD-value | E17: Y is 70% of X
B18: 2) | C18: Z is the average N°of MTTR-value | E18: T is 70% of Z

Sheet 20220726 Fiches MP
A1: MP | B1: Description | C1: Emplacement | D1: Actif | E1: Asset Location | F1: Tournée | G1: Gamme d'opérations | H1: Priorité | I1: La prévision existe-t-elle | J1: Statut | K1: Prochaine date d'échéance prévue | L1: Site | M1: Location | N1: Classification
A2: 20056897 | B2: UTL-Chaudiere-CLE-1W | C2: NC01-3-0010-0001 | G2: 10032032 | H2: 2 | I2: O | J2: ACTIVE | K2: 44802 | L2: NC01 | M2: =IF(C2<>"",LEFT(C2,16),LEFT(E2,16)) -> NC01-3-0010-0001 | N2: =VLOOKUP(M2,'Liste des équipements'!C4:T215,18) -> A
A3: 20056940 | B3: COND-PET-ZH-Convoyeurs-Paliers De Roulement-LUB-6M | C3: NC01-2-0040-0015-01 | F3: 1001 | G3: 10032058 | I3: O | J3: ACTIVE | K3: 44818 | L3: NC01 | M3: =IF(C3<>"",LEFT(C3,16),LEFT(E3,16)) -> NC01-2-0040-0015 | N3: =VLOOKUP(M3,'Liste des équipements'!C5:T216,18) -> C
A4: 20057697 | B4: COND-PET-ZS-Convoyeurs-Paliers De Roulement-LUB-3M | C4: NC01-2-0040-0015-01 | F4: 1003 | G4: 10032058 | I4: O | J4: ACTIVE | K4: 44818 | L4: NC01 | M4: =IF(C4<>"",LEFT(C4,16),LEFT(E4,16)) -> NC01-2-0040-0015 | N4: =VLOOKUP(M4,'Liste des équipements'!C6:T217,18) -> C
A5: 20057707 | B5: COND-BOUTEILLE-Convoyeurs ZS-Paliers De Roulement-LUB-3M | C5: NC01-2-0001-0009-01 | F5: 1005 | G5: 10032058 | H5: 2 | I5: O | J5: ACTIVE | K5: 44818 | L5: NC01 | M5: =IF(C5<>"",LEFT(C5,16),LEFT(E5,16)) -> NC01-2-0001-0009 | N5: =VLOOKUP(M5,'Liste des équipements'!C7:T218,18) -> B
A6: 20057708 | B6: COND-BOITE-Convoyeurs CAN-ZH-Paliers De Roulement-LUB-6M | C6: NC01-2-0020-0008-01 | F6: 1006 | G6: 10032058 | H6: 2 | I6: O | J6: ACTIVE | K6: 44818 | L6: NC01 | M6: =IF(C6<>"",LEFT(C6,16),LEFT(E6,16)) -> NC01-2-0020-0008 | N6: =VLOOKUP(M6,'Liste des équipements'!C8:T219,18) -> C
A7: 20057929 | B7: UTL-Traitement Eaux-Filtre GAF-REP-2W | D7: 10368024 | E7: NC01-3-0070-0003 | G7: 10032792 | I7: O | J7: ACTIVE | K7: 44803 | L7: NC01 | M7: =IF(C7<>"",LEFT(C7,16),LEFT(E7,16)) -> NC01-3-0070-0003 | N7: =VLOOKUP(M7,'Liste des équipements'!C9:T220,18) -> A
A8: 20057930 | B8: COND-PET-FARDELEUSE-Convoyeur Four-INS-1A | D8: 10367460 | E8: NC01-2-0040-0011-01 | F8: 1012 | H8: 1 | I8: N | J8: ACTIVE | K8: 44880 | L8: NC01 | M8: =IF(C8<>"",LEFT(C8,16),LEFT(E8,16)) -> NC01-2-0040-0011 | N8: =VLOOKUP(M8,'Liste des équipements'!C10:T221,18) -> C
A9: 20059275 | B9: COND-NRB-Pasteurisateur-Gicleurs-INS-CLE-6M | C9: NC01-2-0001-0005-01 | G9: 10032675 | I9: O | J9: ACTIVE | K9: 44915 | L9: NC01 | M9: =IF(C9<>"",LEFT(C9,16),LEFT(E9,16)) -> NC01-2-0001-0005 | N9: =VLOOKUP(M9,'Liste des équipements'!C11:T222,18) -> A
A10: 20059336 | B10: COND-NRB-Soutireuse-Distributeur Rotatif-OVH-2Y | C10: NC01-2-0001-0004-01 | G10: 10032721 | I10: N | J10: ACTIVE | K10: 45394 | L10: NC01 | M10: =IF(C10<>"",LEFT(C10,16),LEFT(E10,16)) -> NC01-2-0001-0004 | N10: =VLOOKUP(M10,'Liste des équipements'!C12:T223,18) -> C
A11: 20059442 | B11: NC01-(Parasitech)Traitement Nuisible Armoires Electriques-INS-2M | C11: NC01 | G11: 10032789 | H11: 3 | I11: O | J11: ACTIVE | K11: 44809 | L11: NC01 | M11: =IF(C11<>"",LEFT(C11,16),LEFT(E11,16)) -> NC01 | N11: A
A12: 20059445 | B12: UTL-Soupape Securite NH3-Groupe Froid 1-INS-1Y | D12: 10367993 | E12: NC01-3-0040-0001 | H12: 3 | I12: O | J12: ACTIVE | L12: NC01 | M12: =IF(C12<>"",LEFT(C12,16),LEFT(E12,16)) -> NC01-3-0040-0001 | N12: =VLOOKUP(M12,'Liste des équipements'!C14:T225,18) -> A
A13: 20059446 | B13: UTL-Soupape Securite NH3-Groupe Froid 2-INS-1Y | D13: 10367996 | E13: NC01-3-0040-0002 | H13: 3 | I13: O | J13: ACTIVE | L13: NC01 | M13: =IF(C13<>"",LEFT(C13,16),LEFT(E13,16)) -> NC01-3-0040-0002 | N13: =VLOOKUP(M13,'Liste des équipements'!C15:T226,18) -> A
A14: 20059447 | B14: UTL-Soupape Securite NH3-Groupe Froid 3-INS-1Y | D14: 10367999 | E14: NC01-3-0040-0003 | H14: 3 | I14: O | J14: ACTIVE | L14: NC01 | M14: =IF(C14<>"",LEFT(C14,16),LEFT(E14,16)) -> NC01-3-0040-0003 | N14: =VLOOKUP(M14,'Liste des équipements'!C16:T227,18) -> A
A15: 20059448 | B15: UTL-Analyse Huile-Groupe Froid 1-INS-1Y | D15: 10368002 | E15: NC01-3-0040-0001 | H15: 3 | I15: O | J15: ACTIVE | L15: NC01 | M15: =IF(C15<>"",LEFT(C15,16),LEFT(E15,16)) -> NC01-3-0040-0001 | N15: =VLOOKUP(M15,'Liste des équipements'!C17:T228,18) -> A
A16: 20059451 | B16: UTL-Soupapes Securite-Station CO2-INS-1Y | D16: 10367950 | E16: NC01-3-0001-0003 | H16: 3 | I16: O | J16: ACTIVE | L16: NC01 | M16: =IF(C16<>"",LEFT(C16,16),LEFT(E16,16)) -> NC01-3-0001-0003 | N16: =VLOOKUP(M16,'Liste des équipements'!C18:T229,18) -> B
A17: 20059453 | B17: UTL-Detecteurs Mousse-Station CO2-INS-1Y | D17: 10367818 | E17: NC01-3-0001-0001 | H17: 3 | I17: O | J17: ACTIVE | L17: NC01 | M17: =IF(C17<>"",LEFT(C17,16),LEFT(E17,16)) -> NC01-3-0001-0001 | N17: =VLOOKUP(M17,'Liste des équipements'!C19:T230,18) -> B
A18: 20059454 | B18: UTL-Pressostat-Compresseurs CO2-INS-1Y | D18: 10367955 | E18: NC01-3-0001-0005 | I18: O | J18: ACTIVE | K18: 44993 | L18: NC01 | M18: =IF(C18<>"",LEFT(C18,16),LEFT(E18,16)) -> NC01-3-0001-0005 | N18: =VLOOKUP(M18,'Liste des équipements'!C20:T231,18) -> B
A19: 20059456 | B19: UTL-Pressostat-Station CO2-INS-1Y | D19: 10367950 | E19: NC01-3-0001-0003 | H19: 3 | I19: O | J19: ACTIVE | L19: NC01 | M19: =IF(C19<>"",LEFT(C19,16),LEFT(E19,16)) -> NC01-3-0001-0003 | N19: =VLOOKUP(M19,'Liste des équipements'!C21:T232,18) -> B
A20: 20059458 | B20: UTL-Transmetteur Température-Purificateur CO2 A.76.15.01-CAL-1Y | D20: 10367963 | E20: NC01-3-0001-0006 | H20: 3 | I20: O | J20: ACTIVE | K20: 45042 | L20: NC01 | M20: =IF(C20<>"",LEFT(C20,16),LEFT(E20,16)) -> NC01-3-0001-0006 | N20: =VLOOKUP(M20,'Liste des équipements'!C22:T233,18) -> B
A21: 20059664 | B21: COND-FUT-Convoyeur FUT.01-Motoreducteur -LUB-2A | D21: 10081007 | E21: NC01-2-0030-0002-01 | G21: 10190200 | H21: 2 | I21: N | J21: ACTIVE | K21: 45414 | L21: NC01 | M21: =IF(C21<>"",LEFT(C21,16),LEFT(E21,16)) -> NC01-2-0030-0002 | N21: =VLOOKUP(M21,'Liste des équipements'!C23:T234,18) -> C
A22: 20059665 | B22: COND-FUT-Convoyeur FUT.04-Motoreducteur -LUB-2A | D22: 10081008 | E22: NC01-2-0030-0002-01 | G22: 10190200 | H22: 2 | I22: N | J22: ACTIVE | K22: 45414 | L22: NC01 | M22: =IF(C22<>"",LEFT(C22,16),LEFT(E22,16)) -> NC01-2-0030-0002 | N22: =VLOOKUP(M22,'Liste des équipements'!C24:T235,18) -> C
A23: 20059667 | B23: COND-FUT-Convoyeur FUT.01-Motoreducteur-INS-1A | D23: 10081007 | E23: NC01-2-0030-0002-01 | G23: 10190133 | H23: 2 | I23: O | J23: ACTIVE | K23: 45048 | L23: NC01 | M23: =IF(C23<>"",LEFT(C23,16),LEFT(E23,16)) -> NC01-2-0030-0002 | N23: =VLOOKUP(M23,'Liste des équipements'!C25:T236,18) -> C
A24: 20059668 | B24: COND-FUT-Convoyeur FUT.04-Motoreducteur-INS-1A | D24: 10081008 | E24: NC01-2-0030-0002-01 | G24: 10190133 | H24: 2 | I24: O | J24: ACTIVE | K24: 45048 | L24: NC01 | M24: =IF(C24<>"",LEFT(C24,16),LEFT(E24,16)) -> NC01-2-0030-0002 | N24: =VLOOKUP(M24,'Liste des équipements'!C26:T237,18) -> C
A25: 20059670 | B25: COND-FUT-Convoyeur FUT.01-Motoreducteur-REP-5A | D25: 10081007 | E25: NC01-2-0030-0002-01 | G25: 10190189 | H25: 2 | I25: N | J25: ACTIVE | K25: 46509 | L25: NC01 | M25: =IF(C25<>"",LEFT(C25,16),LEFT(E25,16)) -> NC01-2-0030-0002 | N25: =VLOOKUP(M25,'Liste des équipements'!C27:T238,18) -> C
A26: 20059671 | B26: COND-FUT-Convoyeur FUT.04-Motoreducteur-REP-5A | D26: 10081008 | E26: NC01-2-0030-0002-01 | G26: 10190189 | H26: 2 | I26: N | J26: ACTIVE | K26: 46509 | L26: NC01 | M26: =IF(C26<>"",LEFT(C26,16),LEFT(E26,16)) -> NC01-2-0030-0002 | N26: =VLOOKUP(M26,'Liste des équipements'!C28:T239,18) -> C
A27: 20059673 | B27: COND-FUT-Convoyeur FUT-Paliers De Roulement-LUB-3M | D27: 10081011 | E27: NC01-2-0030-0002-01 | G27: 10190152 | H27: 2 | I27: O | J27: ACTIVE | K27: 44867 | L27: NC01 | M27: =IF(C27<>"",LEFT(C27,16),LEFT(E27,16)) -> NC01-2-0030-0002 | N27: =VLOOKUP(M27,'Liste des équipements'!C29:T240,18) -> C
A28: 20059674 | B28: COND-FUT-Convoyeur FUT.04-Paliers De Roulement-LUB-3M | D28: 10081012 | E28: NC01-2-0030-0002-01 | G28: 10190152 | H28: 2 | I28: O | J28: ACTIVE | K28: 44867 | L28: NC01 | M28: =IF(C28<>"",LEFT(C28,16),LEFT(E28,16)) -> NC01-2-0030-0002 | N28: =VLOOKUP(M28,'Liste des équipements'!C30:T241,18) -> C
A29: 20059675 | B29: COND-FUT-Convoyeur FUT.05-Paliers De Roulement-LUB-3M | D29: 10081013 | E29: NC01-2-0030-0002-01 | G29: 10190152 | H29: 2 | I29: O | J29: ACTIVE | K29: 44867 | L29: NC01 | M29: =IF(C29<>"",LEFT(C29,16),LEFT(E29,16)) -> NC01-2-0030-0002 | N29: =VLOOKUP(M29,'Liste des équipements'!C31:T242,18) -> C
A30: 20059676 | B30: COND-FUT-Convoyeur FUT.01-Transmission Par Chaine-LUB-3M | D30: 10081014 | E30: NC01-2-0030-0002-01 | G30: 10190153 | H30: 2 | I30: O | J30: ACTIVE | K30: 44807 | L30: NC01 | M30: =IF(C30<>"",LEFT(C30,16),LEFT(E30,16)) -> NC01-2-0030-0002 | N30: =VLOOKUP(M30,'Liste des équipements'!C32:T243,18) -> C
A31: 20059677 | B31: COND-FUT-Convoyeur FUT.01-Pignonnerie-INS-1A | D31: 10081449 | E31: NC01-2-0030-0002-01 | G31: 10190136 | H31: 2 | I31: O | J31: ACTIVE | K31: 45048 | L31: NC01 | M31: =IF(C31<>"",LEFT(C31,16),LEFT(E31,16)) -> NC01-2-0030-0002 | N31: =VLOOKUP(M31,'Liste des équipements'!C33:T244,18) -> C
A32: 20059678 | B32: COND-FUT-Convoyeur FUT.04-Pignonnerie-INS-1A | D32: 10081456 | E32: NC01-2-0030-0002-01 | G32: 10190136 | H32: 2 | I32: O | J32: ACTIVE | K32: 45048 | L32: NC01 | M32: =IF(C32<>"",LEFT(C32,16),LEFT(E32,16)) -> NC01-2-0030-0002 | N32: =VLOOKUP(M32,'Liste des équipements'!C34:T245,18) -> C
... A41: 20059704 | B41: COND-NRB-Pasteurisateur-Gicleurs-REP-2A | D41: 10366093 | E41: NC01-2-0001-0005-01 | G41: 10032899 | H41: 2 | I41: N | J41: ACTIVE | K41: 45299 | L41: NC01 | M41: =IF(C41<>"",LEFT(C41,16),LEFT(E41,16)) -> NC01-2-0001-0005 | N41: =VLOOKUP(M41,'Liste des équipements'!C43:T254,18) -> A
A42: 20060043 | B42: UTL-Lampe UV Eau BG-CLE-3M | C42: NC01-3-0070-0003 | G42: 10035605 | H42: 1 | I42: O | J42: ACTIVE | K42: 44868 | L42: NC01 | M42: =IF(C42<>"",LEFT(C42,16),LEFT(E42,16)) -> NC01-3-0070-0003 | N42: =VLOOKUP(M42,'Liste des équipements'!C44:T255,18) -> A
A43: 20060215 | B43: PROD-Batiment Brasserie Et Conditionnement-Curage caniveaux -CLE-1A | C43: NC01-7-0003 | H43: 2 | I43: O | J43: ACTIVE | K43: 44896 | L43: NC01 | M43: =IF(C43<>"",LEFT(C43,16),LEFT(E43,16)) -> NC01-7-0003 | N43: =VLOOKUP(M43,'Liste des équipements'!C45:T256,18) -> C
A44: 20060216 | B44: PROD-SIROPERIE-Premix-Filtres CO2-REP-6M | D44: 10366079 | E44: NC01-1-0060-0010 | G44: 10033268 | H44: 2 | I44: O | J44: ACTIVE | K44: 44812 | L44: NC01 | M44: =IF(C44<>"",LEFT(C44,16),LEFT(E44,16)) -> NC01-1-0060-0010 | N44: =VLOOKUP(M44,'Liste des équipements'!C46:T257,18) -> C
A45: 20060218 | B45: Distribution C02-Filtres CO2-REP-6M | D45: 10367978 | E45: NC01-3-0001-0010 | G45: 10033268 | H45: 2 | I45: O | J45: ACTIVE | K45: 44832 | L45: NC01 | M45: =IF(C45<>"",LEFT(C45,16),LEFT(E45,16)) -> NC01-3-0001-0010 | N45: =VLOOKUP(M45,'Liste des équipements'!C47:T258,18) -> B
A46: 20060241 | B46: COND-PET-Soutireuse Modulfill-LUB-2A | D46: 10367452 | E46: NC01-2-0040-0003-01 | G46: 10033275 | H46: 2 | I46: O | J46: ACTIVE | K46: 44986 | L46: NC01 | M46: =IF(C46<>"",LEFT(C46,16),LEFT(E46,16)) -> NC01-2-0040-0003 | N46: =VLOOKUP(M46,'Liste des équipements'!C48:T259,18) -> C
A47: 20060242 | B47: COND-COMMUN-Bras Prehenseur-Bras Robotise-OVH-1A | D47: 10367207 | E47: NC01-2-0060-0004-01 | G47: 10033277 | H47: 2 | I47: O | J47: ACTIVE | K47: 44981 | L47: NC01 | M47: =IF(C47<>"",LEFT(C47,16),LEFT(E47,16)) -> NC01-2-0060-0004 | N47: =VLOOKUP(M47,'Liste des équipements'!C49:T260,18) -> A
A48: 20060243 | B48: UTL-Production vapeur-Chaudière Babcock-OVH-1A | D48: 10368046 | E48: NC01-3-0010-0001 | G48: 10033278 | H48: 2 | I48: O | J48: ACTIVE | K48: 44981 | L48: NC01 | M48: =IF(C48<>"",LEFT(C48,16),LEFT(E48,16)) -> NC01-3-0010-0001 | N48: =VLOOKUP(M48,'Liste des équipements'!C50:T261,18) -> A
A49: 20060278 | B49: COND-CAN-ZH-Convoyeurs-Pignonnerie-INS-1A | C49: NC01-2-0020-0008-01 | F49: 30005028 | G49: 10190136 | I49: O | J49: ACTIVE | K49: 44993 | L49: NC01 | M49: =IF(C49<>"",LEFT(C49,16),LEFT(E49,16)) -> NC01-2-0020-0008 | N49: =VLOOKUP(M49,'Liste des équipements'!C51:T262,18) -> C
A50: 20060279 | B50: COND-BOUTEILLE-ZH-Convoyeurs-Pignonnerie-INS-1A | C50: NC01-2-0001-0009-01 | F50: 30005030 | G50: 10190136 | I50: O | J50: ACTIVE | K50: 44993 | L50: NC01 | M50: =IF(C50<>"",LEFT(C50,16),LEFT(E50,16)) -> NC01-2-0001-0009 | N50: =VLOOKUP(M50,'Liste des équipements'!C52:T263,18) -> B
A51: 20060281 | B51: COND-PET-ZS-Convoyeurs-Pignonnerie-INS-1A | C51: NC01-2-0040-0015-01 | F51: 30005033 | G51: 10032058 | I51: O | J51: ACTIVE | K51: 44993 | L51: NC01 | M51: =IF(C51<>"",LEFT(C51,16),LEFT(E51,16)) -> NC01-2-0040-0015 | N51: =VLOOKUP(M51,'Liste des équipements'!C53:T264,18) -> C
A52: 20060282 | B52: COND-PET-Z26/37-Convoyeur-Plaque De Transfert -INS-1A | C52: NC01-2-0040-0015-01 | F52: 30005027 | G52: 10190145 | H52: 2 | I52: O | J52: ACTIVE | K52: 44993 | L52: NC01 | M52: =IF(C52<>"",LEFT(C52,16),LEFT(E52,16)) -> NC01-2-0040-0015 | N52: =VLOOKUP(M52,'Liste des équipements'!C54:T265,18) -> C
A53: 20060283 | B53: COND-BOUTEILLE-ZH-Convoyeur NRB-Guides Glissement Teflon-INS-1A | C53: NC01-2-0001-0009-01 | F53: 30005040 | G53: 10190143 | H53: 2 | I53: O | J53: ACTIVE | K53: 44993 | L53: NC01 | M53: =IF(C53<>"",LEFT(C53,16),LEFT(E53,16)) -> NC01-2-0001-0009 | N53: =VLOOKUP(M53,'Liste des équipements'!C55:T266,18) -> B
A54: 20060284 | B54: COND-COMMUN-Convoyeur-Guides Glissement Teflon-INS-1A | C54: NC01-2-0060-0006-01 | F54: 30005041 | G54: 10190143 | H54: 2 | I54: O | J54: ACTIVE | K54: 44993 | L54: NC01 | M54: =IF(C54<>"",LEFT(C54,16),LEFT(E54,16)) -> NC01-2-0060-0006 | N54: =VLOOKUP(M54,'Liste des équipements'!C56:T267,18) -> C
A55: 20060285 | B55: COND-NRB-Soutireuse-Distributeur Rotatif-OVH-2Y | D55: 10366094 | E55: NC01-2-0001-0006-01 | G55: 10032721 | I55: N | J55: ACTIVE | K55: 45485 | L55: NC01 | M55: =IF(C55<>"",LEFT(C55,16),LEFT(E55,16)) -> NC01-2-0001-0006 | N55: =VLOOKUP(M55,'Liste des équipements'!C57:T268,18) -> C
A56: 20060286 | B56: COND-PET-Etiqueteuse Contiroll K745V19-OVH-2Y | D56: 10367457 | E56: NC01-2-0040-0009-02 | G56: 10032721 | I56: N | J56: ACTIVE | K56: 45350 | L56: NC01 | M56: =IF(C56<>"",LEFT(C56,16),LEFT(E56,16)) -> NC01-2-0040-0009 | N56: =VLOOKUP(M56,'Liste des équipements'!C58:T269,18) -> B
A57: 20060287 | B57: COND-CAN-Soutireuse Boite-OVH-2Y | D57: 10366454 | E57: NC01-2-0020-0003-01 | G57: 10034484 | H57: 2 | I57: N | J57: ACTIVE | K57: 45350 | L57: NC01 | M57: =IF(C57<>"",LEFT(C57,16),LEFT(E57,16)) -> NC01-2-0020-0003 | N57: =VLOOKUP(M57,'Liste des équipements'!C59:T270,18) -> C
A58: 20060289 | B58: COND-NRB-Convoyeur NRB.06-Transmission Par Chaine-LUB-3M | D58: 10083161 | E58: NC01-2-0001-0009-01 | G58: 10190153 | H58: 2 | I58: O | J58: ACTIVE | K58: 44805 | L58: NC01 | M58: =IF(C58<>"",LEFT(C58,16),LEFT(E58,16)) -> NC01-2-0001-0009 | N58: =VLOOKUP(M58,'Liste des équipements'!C60:T271,18) -> B
A59: 20060290 | B59: COND-NRB-Convoyeur NRB.21-Transmission Par Chaine-LUB-3M | D59: 10083175 | E59: NC01-2-0001-0009-01 | G59: 10190153 | H59: 2 | I59: O | J59: ACTIVE | K59: 44805 | L59: NC01 | M59: =IF(C59<>"",LEFT(C59,16),LEFT(E59,16)) -> NC01-2-0001-0009 | N59: =VLOOKUP(M59,'Liste des équipements'!C61:T272,18) -> B
A60: 20060291 | B60: COND-NRB-Convoyeur NRB.26-Transmission Par Chaine-LUB-3M | D60: 10083179 | E60: NC01-2-0001-0009-01 | G60: 10190153 | H60: 2 | I60: O | J60: ACTIVE | K60: 44805 | L60: NC01 | M60: =IF(C60<>"",LEFT(C60,16),LEFT(E60,16)) -> NC01-2-0001-0009 | N60: =VLOOKUP(M60,'Liste des équipements'!C62:T273,18) -> B
A61: 20060474 | B61: PROD-CAVE-Fst 151-Vanne Papillon Manu V.026.0151.358-REP-2A | D61: 10365362 | E61: NC01-1-0020-0015 | G61: 10033026 | H61: 2 | I61: N | J61: ACTIVE | K61: 45360 | L61: NC01 | M61: =IF(C61<>"",LEFT(C61,16),LEFT(E61,16)) -> NC01-1-0020-0015 | N61: =VLOOKUP(M61,'Liste des équipements'!C63:T274,18) -> C
A62: 20060592 | B62: UTL-PRODUCTION VAPEUR-Pompe de retour condensats - Contrôle clapet -INS-1Y | D62: 10368055 | E62: NC01-3-0010-0005 | H62: 2 | I62: O | J62: ACTIVE | K62: 45013 | L62: NC01 | M62: =IF(C62<>"",LEFT(C62,16),LEFT(E62,16)) -> NC01-3-0010-0005 | N62: =VLOOKUP(M62,'Liste des équipements'!C64:T275,18) -> B
A63: 20060593 | B63: PROD-CAVE FST-Équipements Mobiles En Cave-Remplacement des filtres stériles-REP-6M | D63: 90000178 | E63: NC01-1-0020-0021 | G63: 10033528 | H63: 2 | I63: O | J63: ACTIVE | K63: 44958 | L63: NC01 | M63: =IF(C63<>"",LEFT(C63,16),LEFT(E63,16)) -> NC01-1-0020-0021 | N63: =VLOOKUP(M63,'Liste des équipements'!C65:T276,18) -> C
A64: 20060594 | B64: PROD-Filtres Steriles GAF 1 - Remplacement joint filtre-REP-3A | D64: 10365726 | E64: NC01-1-0030-0001 | G64: 10033530 | H64: 2 | I64: N | J64: ACTIVE | K64: 45748 | L64: NC01 | M64: =IF(C64<>"",LEFT(C64,16),LEFT(E64,16)) -> NC01-1-0030-0001 | N64: =VLOOKUP(M64,'Liste des équipements'!C66:T277,18) -> A
A65: 20060598 | B65: PROD-Filtres Steriles GAF 2 - Remplacement joint filtre-REP-3A | D65: 10082627 | E65: NC01-1-0030-0001 | G65: 10033530 | H65: 2 | I65: N | J65: ACTIVE | K65: 45658 | L65: NC01 | M65: =IF(C65<>"",LEFT(C65,16),LEFT(E65,16)) -> NC01-1-0030-0001 | N65: =VLOOKUP(M65,'Liste des équipements'!C67:T278,18) -> A
A66: 20060599 | B66: PROD-Instrumentation Entrée BBT-Turbidimètre XT.30.0100.001-Entretien-OVH-1A | D66: 10081021 | E66: NC01-1-0030-0008 | G66: 10033532 | H66: 2 | I66: N | J66: ACTIVE | K66: 45139 | L66: NC01 | M66: =IF(C66<>"",LEFT(C66,16),LEFT(E66,16)) -> NC01-1-0030-0008 | N66: =VLOOKUP(M66,'Liste des équipements'!C68:T279,18) -> C
A67: 20060600 | B67: PROD-Instrumentation Entrée BBT-Turbidimètre-Batterie-REP-10A | D67: 10081021 | E67: NC01-1-0030-0008 | G67: 10033534 | H67: 2 | I67: N | J67: ACTIVE | K67: 48061 | L67: NC01 | M67: =IF(C67<>"",LEFT(C67,16),LEFT(E67,16)) -> NC01-1-0030-0008 | N67: =VLOOKUP(M67,'Liste des équipements'!C69:T280,18) -> C
A68: 20060606 | B68: COND-NRB-Pasteurisateur Bouteille-Gicleurs et des jonctions de rampes d’aspersion-REP-2A | D68: 10366093 | E68: NC01-2-0001-0005-01 | H68: 2 | I68: N | J68: ACTIVE | K68: 45292 | L68: NC01 | M68: =IF(C68<>"",LEFT(C68,16),LEFT(E68,16)) -> NC01-2-0001-0005 | N68: =VLOOKUP(M68,'Liste des équipements'!C70:T281,18) -> A
A69: 20060614 | B69: COND-PET-Soutireuse-Alimentation azote-Filtre-INS-3M | D69: 10367452 | E69: NC01-2-0040-0003-01 | H69: 1 | I69: N | J69: ACTIVE | K69: 44857 | L69: NC01 | M69: =IF(C69<>"",LEFT(C69,16),LEFT(E69,16)) -> NC01-2-0040-0003 | N69: =VLOOKUP(M69,'Liste des équipements'!C71:T282,18) -> C
A70: 20060956 | B70: COND-BOUTEILLE-Convoyeur NRB.01-Motoreducteur TBB1.2001W101-INS-1A | D70: 10366102 | E70: NC01-2-0001-0009-01 | F70: 30005014 | G70: 10190133 | H70: 2 | I70: O | J70: ACTIVE | K70: 45000 | L70: NC01 | M70: =IF(C70<>"",LEFT(C70,16),LEFT(E70,16)) -> NC01-2-0001-0009 | N70: =VLOOKUP(M70,'Liste des équipements'!C72:T283,18) -> B
A71: 20060957 | B71: COND-BOUTEILLE-Convoyeur NRB.02-Motoreducteur TBB1.2002W101-INS-1A | D71: 10366113 | E71: NC01-2-0001-0009-01 | F71: 30005014 | G71: 10190133 | H71: 2 | I71: O | J71: ACTIVE | K71: 45000 | L71: NC01 | M71: =IF(C71<>"",LEFT(C71,16),LEFT(E71,16)) -> NC01-2-0001-0009 | N71: =VLOOKUP(M71,'Liste des équipements'!C73:T284,18) -> B
A72: 20060958 | B72: COND-BOUTEILLE-Convoyeur NRB.03-Motoreducteur TBB1.2003W101-INS-1A | D72: 10366123 | E72: NC01-2-0001-0009-01 | F72: 30005014 | G72: 10190133 | H72: 2 | I72: O | J72: ACTIVE | K72: 45000 | L72: NC01 | M72: =IF(C72<>"",LEFT(C72,16),LEFT(E72,16)) -> NC01-2-0001-0009 | N72: =VLOOKUP(M72,'Liste des équipements'!C74:T285,18) -> B
A73: 20060959 | B73: COND-BOUTEILLE-Convoyeur NRB.04-Motoreducteur TBB1.2804W101-INS-1A | D73: 10366133 | E73: NC01-2-0001-0009-01 | F73: 30005014 | G73: 10190133 | H73: 2 | I73: O | J73: ACTIVE | K73: 45000 | L73: NC01 | M73: =IF(C73<>"",LEFT(C73,16),LEFT(E73,16)) -> NC01-2-0001-0009 | N73: =VLOOKUP(M73,'Liste des équipements'!C75:T286,18) -> B
A74: 20060960 | B74: COND-BOUTEILLE-Convoyeur NRB.05-Motoreducteur TBB1.2804W121-INS-1A | D74: 10366142 | E74: NC01-2-0001-0009-01 | F74: 30005014 | G74: 10190133 | H74: 2 | I74: O | J74: ACTIVE | K74: 45000 | L74: NC01 | M74: =IF(C74<>"",LEFT(C74,16),LEFT(E74,16)) -> NC01-2-0001-0009 | N74: =VLOOKUP(M74,'Liste des équipements'!C76:T287,18) -> B
A75: 20060961 | B75: COND-BOUTEILLE-Convoyeur NRB.06-Motoreducteur TBB1.2804W141-INS-1A | D75: 10366150 | E75: NC01-2-0001-0009-01 | F75: 30005014 | G75: 10190133 | H75: 2 | I75: O | J75: ACTIVE | K75: 45000 | L75: NC01 | M75: =IF(C75<>"",LEFT(C75,16),LEFT(E75,16)) -> NC01-2-0001-0009 | N75: =VLOOKUP(M75,'Liste des équipements'!C77:T288,18) -> B
A76: 20060962 | B76: COND-BOUTEILLE-Convoyeur NRB.08-Motoreducteur TBB1.2016W101-INS-1A | D76: 10366173 | E76: NC01-2-0001-0009-01 | F76: 30005014 | G76: 10190133 | H76: 2 | I76: O | J76: ACTIVE | K76: 45000 | L76: NC01 | M76: =IF(C76<>"",LEFT(C76,16),LEFT(E76,16)) -> NC01-2-0001-0009 | N76: =VLOOKUP(M76,'Liste des équipements'!C78:T289,18) -> B
A77: 20060963 | B77: COND-BOUTEILLE-Convoyeur NRB.09-Motoréducteur RI1.4101W101-INS-1A | D77: 10366181 | E77: NC01-2-0001-0009-01 | F77: 30005014 | G77: 10190133 | H77: 2 | I77: O | J77: ACTIVE | K77: 45000 | L77: NC01 | M77: =IF(C77<>"",LEFT(C77,16),LEFT(E77,16)) -> NC01-2-0001-0009 | N77: =VLOOKUP(M77,'Liste des équipements'!C79:T290,18) -> B
A78: 20060964 | B78: COND-BOUTEILLE-Convoyeur NRB.10-Motoréducteur TBB1.3107W101-INS-1A | D78: 10366191 | E78: NC01-2-0001-0009-01 | F78: 30005014 | G78: 10190133 | H78: 2 | I78: O | J78: ACTIVE | K78: 45000 | L78: NC01 | M78: =IF(C78<>"",LEFT(C78,16),LEFT(E78,16)) -> NC01-2-0001-0009 | N78: =VLOOKUP(M78,'Liste des équipements'!C80:T291,18) -> B
A79: 20060965 | B79: COND-BOUTEILLE-Convoyeur NRB.11-Motoréducteur -INS-1A | D79: 10366206 | E79: NC01-2-0001-0009-01 | F79: 30005014 | G79: 10190133 | H79: 2 | I79: O | J79: ACTIVE | K79: 45000 | L79: NC01 | M79: =IF(C79<>"",LEFT(C79,16),LEFT(E79,16)) -> NC01-2-0001-0009 | N79: =VLOOKUP(M79,'Liste des équipements'!C81:T292,18) -> B
A80: 20060966 | B80: COND-BOUTEILLE-Convoyeur NRB.12-Motoréducteur -INS-1A | D80: 10366216 | E80: NC01-2-0001-0009-01 | F80: 30005014 | G80: 10190133 | H80: 2 | I80: O | J80: ACTIVE | K80: 45000 | L80: NC01 | M80: =IF(C80<>"",LEFT(C80,16),LEFT(E80,16)) -> NC01-2-0001-0009 | N80: =VLOOKUP(M80,'Liste des équipements'!C82:T293,18) -> B
A81: 20060967 | B81: COND-BOUTEILLE-Convoyeur NRB.13-Motoréducteur -INS-1A | D81: 10366227 | E81: NC01-2-0001-0009-01 | F81: 30005014 | G81: 10190133 | H81: 2 | I81: O | J81: ACTIVE | K81: 45000 | L81: NC01 | M81: =IF(C81<>"",LEFT(C81,16),LEFT(E81,16)) -> NC01-2-0001-0009 | N81: =VLOOKUP(M81,'Liste des équipements'!C83:T294,18) -> B
... A85: 20060971 | B85: COND-BOUTEILLE-Convoyeur NRB.07-Motoreducteur TBB1.2105W101-INS-1A | D85: 10366161 | E85: NC01-2-0001-0009-01 | F85: 30005014 | G85: 10190133 | H85: 2 | I85: O | J85: ACTIVE | K85: 45000 | L85: NC01 | M85: =IF(C85<>"",LEFT(C85,16),LEFT(E85,16)) -> NC01-2-0001-0009 | N85: =VLOOKUP(M85,'Liste des équipements'!C87:T298,18) -> B
A86: 20061009 | B86: PROD-COM-Station CIP SOREN-Purge des fonds de cuves-INS-6M | D86: 10366080 | E86: NC01-1-0050-0001 | G86: 10033729 | H86: 1 | I86: O | J86: ACTIVE | K86: 44844 | L86: NC01 | M86: =IF(C86<>"",LEFT(C86,16),LEFT(E86,16)) -> NC01-1-0050-0001 | N86: =VLOOKUP(M86,'Liste des équipements'!C88:T299,18) -> A
A87: 20061395 | B87: COND-NRB-Etiqueteuse Universella K723-459 -OVH-2Y | D87: 10366094 | E87: NC01-2-0001-0006-01 | G87: 10034483 | I87: N | J87: ACTIVE | L87: NC01 | M87: =IF(C87<>"",LEFT(C87,16),LEFT(E87,16)) -> NC01-2-0001-0006 | N87: =VLOOKUP(M87,'Liste des équipements'!C89:T300,18) -> C
A88: 20061434 | B88: PROD-Cuiseur Externe -Ouverture du cuiseur externe de le cuve ébullition- INS-1A | D88: 10365029 | E88: NC01-1-0010-0011 | G88: 10034502 | I88: O | J88: ACTIVE | K88: 44958 | L88: NC01 | M88: =IF(C88<>"",LEFT(C88,16),LEFT(E88,16)) -> NC01-1-0010-0011 | N88: =VLOOKUP(M88,'Liste des équipements'!C90:T301,18) -> #N/A
A89: 20061589 | B89: UTL-UNITE DE LIQUEFACTION- Vérification sous refroidissement sortie échangeur du condenseur - HEB | D89: 10367964 | E89: NC01-3-0001-0007 | H89: 2 | I89: O | J89: ACTIVE | K89: 44803 | L89: NC01 | M89: =IF(C89<>"",LEFT(C89,16),LEFT(E89,16)) -> NC01-3-0001-0007 | N89: =VLOOKUP(M89,'Liste des équipements'!C91:T302,18) -> B
A90: 20061827 | B90: PROD- Local concasseur-CTRL-6M | C90: NC01-1-0002-0006 | I90: O | J90: ACTIVE | K90: 44887 | L90: NC01 | M90: =IF(C90<>"",LEFT(C90,16),LEFT(E90,16)) -> NC01-1-0002-0006 | N90: =VLOOKUP(M90,'Liste des équipements'!C92:T303,18) -> #N/A
A91: 20061829 | B91: PROD- Local concasseur- Meules-INS-3M | C91: NC01-1-0002-0006 | G91: 10034778 | I91: O | J91: ACTIVE | K91: 44884 | L91: NC01 | M91: =IF(C91<>"",LEFT(C91,16),LEFT(E91,16)) -> NC01-1-0002-0006 | N91: =VLOOKUP(M91,'Liste des équipements'!C93:T304,18) -> #N/A
A92: 20065873 | B92: DOCK MP - Contrôle des armoires électriques ( dock MALT+ STC+ STEP ) INS-1Y | C92: NC01-1-0001 | G92: 10190010 | H92: 2 | I92: O | J92: ACTIVE | K92: 45096 | L92: NC01 | M92: =IF(C92<>"",LEFT(C92,16),LEFT(E92,16)) -> NC01-1-0001 | N92: =VLOOKUP(M92,'Liste des équipements'!C94:T305,18) -> #N/A
A93: 20065874 | B93: BUREAU ADMIN- Contrôle armoires électriques-INS-1Y | C93: NC01-7-0005 | G93: 10190010 | H93: 2 | I93: O | J93: ACTIVE | K93: 44993 | L93: NC01 | M93: =IF(C93<>"",LEFT(C93,16),LEFT(E93,16)) -> NC01-7-0005 | N93: =VLOOKUP(M93,'Liste des équipements'!C95:T306,18) -> C
A94: 20065875 | B94: DOCK PF- Contrôle armoires électrique- INS-1Y | C94: NC01-4 | G94: 10190010 | I94: O | J94: ACTIVE | K94: 44993 | L94: NC01 | M94: =IF(C94<>"",LEFT(C94,16),LEFT(E94,16)) -> NC01-4 | N94: =VLOOKUP(M94,'Liste des équipements'!C96:T307,18) -> B
A95: 20065937 | B95: COND-COM-Balance - INS-1A | D95: 10367167 | E95: NC01-2-0060-0002-01 | G95: 10190122 | H95: 1 | I95: O | J95: ACTIVE | K95: 44992 | L95: NC01 | M95: =IF(C95<>"",LEFT(C95,16),LEFT(E95,16)) -> NC01-2-0060-0002 | N95: =VLOOKUP(M95,'Liste des équipements'!C97:T308,18) -> A
A96: 20066042 | B96: COND-PET-Alim 40 bars- Filtres air - REP-1Y | C96: NC01-2-0040-0001-02 | G96: 10035476 | H96: 1 | I96: N | J96: ACTIVE | K96: 45146 | L96: NC01 | M96: =IF(C96<>"",LEFT(C96,16),LEFT(E96,16)) -> NC01-2-0040-0001 | N96: =VLOOKUP(M96,'Liste des équipements'!C98:T309,18) -> A
A97: 20066043 | B97: COND-PET- Circuit d'Alimentation air ( soutireuse) Sécheur d'air | C97: NC01-2-0040-0009-01 | G97: 10190158 | H97: 2 | I97: N | J97: ACTIVE | K97: 45359 | L97: NC01 | M97: =IF(C97<>"",LEFT(C97,16),LEFT(E97,16)) -> NC01-2-0040-0009 | N97: =VLOOKUP(M97,'Liste des équipements'!C99:T310,18) -> B
A98: 20066044 | B98: COND-PET-Circuit D'Alimentation Co2 (Soutireuse)-Séparateur D'Eau V169-REP-2A | C98: NC01-2-0040-0003-01 | G98: 10190176 | I98: N | J98: ACTIVE | K98: 45390 | L98: NC01 | M98: =IF(C98<>"",LEFT(C98,16),LEFT(E98,16)) -> NC01-2-0040-0003 | N98: =VLOOKUP(M98,'Liste des équipements'!C100:T311,18) -> C
A99: 20066047 | B99: PROD-COM-Station CIP SOREN- INS-3M | C99: NC01-1-0050-0001 | G99: 10035479 | H99: 2 | I99: O | J99: ACTIVE | K99: 44824 | L99: NC01 | M99: =IF(C99<>"",LEFT(C99,16),LEFT(E99,16)) -> NC01-1-0050-0001 | N99: =VLOOKUP(M99,'Liste des équipements'!C101:T312,18) -> #N/A
A100: 20066053 | B100: Contrôle d'épaisseur du SILO drêche - 3A | C100: NC01-1-0010-0008 | G100: 10035481 | H100: 2 | I100: N | J100: ACTIVE | K100: 45828 | L100: NC01 | M100: =IF(C100<>"",LEFT(C100,16),LEFT(E100,16)) -> NC01-1-0010-0008 | N100: =VLOOKUP(M100,'Liste des équipements'!C102:T313,18) -> #N/A
A101: 20066957 | B101: PROD- PCD AUTOMATES (BRW,FLT,CIP,SIROP, FUTS)-SOF-1Y | C101: NC01-1 | G101: 10036099 | H101: 2 | I101: O | J101: ACTIVE | K101: 45110 | L101: NC01 | M101: =IF(C101<>"",LEFT(C101,16),LEFT(E101,16)) -> NC01-1 | N101: =VLOOKUP(M101,'Liste des équipements'!C103:T314,18) -> #N/A
A102: 20066958 | B102: COND-CAN - PCD AUTOMATES -SOF-1Y | C102: NC01-2-0020 | G102: 10036099 | I102: O | J102: ACTIVE | K102: 45110 | L102: NC01 | M102: =IF(C102<>"",LEFT(C102,16),LEFT(E102,16)) -> NC01-2-0020 | N102: =VLOOKUP(M102,'Liste des équipements'!C104:T315,18) -> C
A103: 20066959 | B103: COND-NRB-PCD AUTOMATES-SOF-1Y | C103: NC01-2-0001 | G103: 10036099 | I103: O | J103: ACTIVE | K103: 45110 | L103: NC01 | M103: =IF(C103<>"",LEFT(C103,16),LEFT(E103,16)) -> NC01-2-0001 | N103: =VLOOKUP(M103,'Liste des équipements'!C105:T316,18) -> #N/A
A104: 20066960 | B104: COND-COM -PCD AUTOMATES-SOF-1Y | C104: NC01-2-0060 | G104: 10036099 | I104: O | J104: ACTIVE | K104: 45110 | L104: NC01 | M104: =IF(C104<>"",LEFT(C104,16),LEFT(E104,16)) -> NC01-2-0060 | N104: =VLOOKUP(M104,'Liste des équipements'!C106:T317,18) -> C
A105: 20066961 | B105: COND-PET- PCD AUTOMATES -SOF-1Y | C105: NC01-2-0040 | G105: 10036099 | I105: O | J105: ACTIVE | K105: 45110 | L105: NC01 | M105: =IF(C105<>"",LEFT(C105,16),LEFT(E105,16)) -> NC01-2-0040 | N105: =VLOOKUP(M105,'Liste des équipements'!C107:T318,18) -> A
A106: 20066962 | B106: STEP- PCD AUTOMATES -SOF-1Y | C106: NC01-3-0060 | G106: 10036099 | I106: O | J106: ACTIVE | K106: 45110 | L106: NC01 | M106: =IF(C106<>"",LEFT(C106,16),LEFT(E106,16)) -> NC01-3-0060 | N106: =VLOOKUP(M106,'Liste des équipements'!C108:T319,18) -> B
A107: 20066963 | B107: UTL- PCD AUTOMATES -SOF-1Y | C107: NC01-3 | G107: 10036099 | I107: O | J107: ACTIVE | K107: 45110 | L107: NC01 | M107: =IF(C107<>"",LEFT(C107,16),LEFT(E107,16)) -> NC01-3 | N107: =VLOOKUP(M107,'Liste des équipements'!C109:T320,18) -> C
A108: 20067135 | B108: COND-CAN-Soutireuse-LUB-1M | C108: NC01-2-0020-0003-01 | F108: 1025 | G108: 10190149 | H108: 3 | I108: O | J108: ACTIVE | K108: 44814 | L108: NC01 | M108: =IF(C108<>"",LEFT(C108,16),LEFT(E108,16)) -> NC01-2-0020-0003 | N108: =VLOOKUP(M108,'Liste des équipements'!C110:T321,18) -> C
A109: 20067136 | B109: PROD- BACK UP AUTOMATES (BRW,FLT,CIP,SIROP, FUTS)-SOF-1Y | C109: NC01-1 | G109: 10190067 | H109: 2 | I109: O | J109: ACTIVE | K109: 44993 | L109: NC01 | M109: =IF(C109<>"",LEFT(C109,16),LEFT(E109,16)) -> NC01-1 | N109: =VLOOKUP(M109,'Liste des équipements'!C111:T322,18) -> #N/A
A110: 20067137 | B110: COND-CAN- BACK UP AUTOMATES-SOF-1Y | C110: NC01-2-0020 | G110: 10190067 | H110: 2 | I110: O | J110: ACTIVE | K110: 44993 | L110: NC01 | M110: =IF(C110<>"",LEFT(C110,16),LEFT(E110,16)) -> NC01-2-0020 | N110: =VLOOKUP(M110,'Liste des équipements'!C112:T323,18) -> C
A111: 20067138 | B111: COND-NRB-BACK UP AUTOMATES-SOF-1Y | C111: NC01-2-0001 | G111: 10190067 | H111: 2 | I111: O | J111: ACTIVE | K111: 44993 | L111: NC01 | M111: =IF(C111<>"",LEFT(C111,16),LEFT(E111,16)) -> NC01-2-0001 | N111: =VLOOKUP(M111,'Liste des équipements'!C113:T324,18) -> #N/A
...
